 Dungeon Crawl Stone Soup version 0.29.0-4-gdea44cf6ec (webtiles) character file.

Game seed: 9818541871369599051

6999 qw the Grappler (level 10, 98/98 HPs)
             Began as a Troll Cinder Acolyte on Sept 2, 2022.
             Was an Initiate of Ignis.
             Quit the game on level 1 of the Lair of Beasts.
             The game lasted 00:10:24 (8268 turns).

qw the Grappler (Troll Cinder Acolyte)              Turns: 8268, Time: 00:10:25

Health: 98/98      AC:  6    Str: 28    XL:     10   Next: 82%
Magic:  10/10      EV:  9    Int: 10    God:    Ignis [......]
Gold:   455        SH:  0    Dex:  5    Spells: 11/11 levels left

rFire   + . .      SeeInvis +     - Unarmed
rCold   . . .      Faith    .   (no shield)
rNeg    . . .      Spirit   .   a - +0 robe
rPois   .          Reflect  .   (helmet restricted)
rElec   .          Harm     .   j - +1 cloak
rCorr   .          Rampage  .   (gloves unavailable)
Will    .....                   (boots unavailable)
Stlth   +.........              (no amulet)
HPRegen 1.06/turn               q - ring of see invisible
MPRegen 0.12/turn               (no ring)

@: no status effects
A: large, unfitting armour, claws 3, regeneration 1, shaggy fur 1, tough skin 1
a: Renounce Religion, Rising Flame


You were on level 1 of the Lair of Beasts.
You worshipped Ignis.
Ignis was noncommittal.
You visited 2 branches of the dungeon, and saw 10 of its levels.

You collected 455 gold pieces.


Innate Abilities, Weirdness & Mutations

You are too large for most types of armour.
You have claws for hands.
Your natural rate of healing is unusually fast.
You are covered in fur. (AC +1)
You have tough skin. (AC +1)


   Skills:
 - Level 6.0 Fighting
 + Level 5.4 Throwing
 - Level 1.3 Armour
 - Level 1.0 Dodging
 - Level 14.0 Unarmed Combat
 - Level 1.0 Spellcasting
 - Level 2.1 Fire Magic


You had 11 spell levels left.
You didn't know any spells.
Your spell library contained the following spells:

 Spells                   Type           Power      Damage    Failure   Level
 Scorch                   Fire           8%         2d5       22%         2

Inventory:

Missiles
 f - 3 boomerangs
 h - 9 large rocks (quivered)
Armour
 a - a +0 robe (worn)
 j - a +1 cloak (worn)
Jewellery
 q - a ring of see invisible (left claw)
Scrolls
 b - a scroll of enchant weapon
 l - a scroll of identify
Potions
 c - a potion of might
 e - a potion of haste
 i - 2 potions of curing
 k - a potion of degeneration {unknown}
 n - a potion of mutation {unknown}
 p - a potion of resistance {unknown}
 r - a potion of heal wounds {unknown}

Dungeon Overview and Level Annotations

Branches:
Dungeon (8/15)             Temple (0/1) D:5            Lair (2/5) D:8
  Swamp: Lair:2-3    Shoals: Lair:2-3     Snake: Lair:2-3    Spider: Lair:2-3

Altars:
Okawaru
Vehumet
Xom
Yredelemnul
Zin
The Shining One

Annotations:
D:5 1 runed translucent door, Crazy Yiuf


Message History

8250 ||| Stepping randomly (stuck).
Sorry, I don't know how to get there.
8251 ||| Stepping randomly (stuck).
Sorry, I don't know how to get there.
8252 ||| Stepping randomly (stuck).
You enter the shallow water.
Moving in this stuff is going to be slow.
Sorry, I don't know how to get there.
8253 ||| Stepping randomly (stuck).
Sorry, I don't know how to get there.
8254 ||| Stepping randomly (stuck).
Sorry, I don't know how to get there.
8255 ||| Stepping randomly (stuck).
Sorry, I don't know how to get there.
8256 ||| Stepping randomly (stuck).
Sorry, I don't know how to get there.
8257 ||| Stepping randomly (stuck).
Sorry, I don't know how to get there.
8258 ||| Stepping randomly (stuck).
Sorry, I don't know how to get there.
8259 ||| Stepping randomly (stuck).
Sorry, I don't know how to get there.
8260 ||| Stepping randomly (stuck).
Sorry, I don't know how to get there.
8261 ||| Stepping randomly (stuck).
Sorry, I don't know how to get there.
8262 ||| Stepping randomly (stuck).
You see here a +0 mace.
Sorry, I don't know how to get there.
8263 ||| Stepping randomly (stuck).
Sorry, I don't know how to get there.
8264 ||| Stepping randomly (stuck).
Sorry, I don't know how to get there.
8265 ||| Stepping randomly (stuck).
Sorry, I don't know how to get there.
8266 ||| Stepping randomly (stuck).
You see here a +0 mace.
Sorry, I don't know how to get there.
8267 ||| Stepping randomly (stuck).
Sorry, I don't know how to get there.
Are you sure you want to abandon this character and quit the game? (Confirm with "yes".)

##.............###
..#............#
...............#
###...^........#
#.####.##...#.## ###
####.###..###
######.P##....##
##.#....##......##
#............@)..##+######
####.......................P#
.....'.~P~P....~~~.###.###.##
..P###.~~~~..~~~~~.#...#
..+.. .###
#.~~~~P~~P~~~.#.#.#....# .#
#.PP~~~~~~~~~...#.....# ##
#.~P~~~~~~~~~....####.P#
##~~~P~~~~~~~.#.......##
7~P~~~~~~~P~77#.#P^#.#


There were no monsters in sight!

Vanquished Creatures
  A hydra (Lair:1)
  A two-headed ogre (D:6)
  4 blink frogs (Lair:1)
  11 yaks (Lair:1)
  A steam dragon (D:8)
  5 water moccasins
  A black bear (Lair:1)
  An orc warrior (D:8)
  An ogre (D:3)
  4 centaurs
  2 phantoms (D:6)
  A kobold brigand (D:8)
  2 necrophages
  5 bullfrogs
  A gnoll sergeant (D:7)
  3 scorpions
  Dowan (D:4)
  2 electric eels (Lair:1)
  2 quasits (D:8)
  4 hounds
  3 jellies
  A gnoll bouda (D:7)
  3 orc priests
  7 iguanas
  8 orc wizards
  9 gnolls (D:7)
  10 adders
  3 shadow imps
  7 white imps
  An ufetubus (D:8)
  2 worms (D:2)
  4 dart slugs
  13 orcs
  6 ball pythons
  2 endoplasms
  3 giant cockroaches
  6 hobgoblins
  9 kobolds
  A quokka (D:2)
  5 bats
  2 frilled lizards
  19 goblins
  2 rats
  A spectral orc (D:4)
180 creatures vanquished.

Vanquished Creatures (others)
  Duvessa (D:4)
  An orc wizard (D:6)
  3 demonic plants (D:8)
  6 fungi
  4 plants (Lair:1)
15 creatures vanquished.

Grand Total: 195 creatures vanquished

Notes
Turn   | Place    | Note
-------+----------+-------------------------------------------
     0 | D:1      | qw the Troll Cinder Acolyte began the quest for the Orb.
     0 | D:1      | Reached XP level 1. HP: 22/22 MP: 1/1
     0 | D:1      | 0 ||| qw: Version: 0.1-a-97-g2dd2ca4
     0 | D:1      | 0 ||| qw: Game counter: 4976
     0 | D:1      | 0 ||| qw: Always use a shield: true
     0 | D:1      | 0 ||| qw: God list: Okawaru
     0 | D:1      | 0 ||| qw: Allow faded altars: false
     0 | D:1      | 0 ||| qw: Do Orc after D:15 true
     0 | D:1      | 0 ||| qw: Do second Lair branch before Depths: true
     0 | D:1      | 0 ||| qw: Lair rune preference: random
     0 | D:1      | 0 ||| qw: Plans: Normal
     0 | D:1      | 0 ||| PLANNING D:1-11
   159 | D:1      | Reached XP level 2. HP: 28/29 MP: 2/2
   212 | D:1      | Found a faded altar of an unknown god.
   475 | D:1      | 475 ||| READING scroll labelled BORYHU NABEYD.
   476 | D:1      | 476 ||| READING scroll labelled ZOMMIU VAUNNIOGA.
   477 | D:1      | 477 ||| READING scroll labelled ARYTAT VIFUILU.
   478 | D:1      | 478 ||| READING scroll labelled JOUXTU HOWUI.
   479 | D:1      | 479 ||| READING scroll labelled PAZESE FOVOU.
   482 | D:1      | 482 ||| DRINKING 2 orange potions.
   483 | D:1      | 483 ||| DROPPING potion of brilliance.
   515 | D:2      | 515 ||| INVOKING Fiery Armour.
   519 | D:2      | 519 ||| Stepping ~*~*~tactically~*~*~ (outnumbered).
   521 | D:2      | Reached skill level 4 in Unarmed Combat
   525 | D:2      | Reached XP level 3. HP: 34/36 MP: 3/3
   622 | D:2      | 622 ||| Stepping ~*~*~tactically~*~*~ (stealth).
   694 | D:2      | 694 ||| Stepping ~*~*~tactically~*~*~ (hiding).
   817 | D:2      | Reached XP level 4. HP: 44/44 MP: 4/4
   925 | D:2      | 925 ||| Stepping ~*~*~tactically~*~*~ (stealth).
   939 | D:2      | Reached skill level 5 in Unarmed Combat
   949 | D:2      | 949 ||| READING scroll labelled WANUFI FUPP.
   950 | D:2      | 950 ||| READING scroll labelled JYXAMU OLIVAFI.
   951 | D:2      | 951 ||| DRINKING 2 fuming orange potions.
   995 | D:3      | 995 ||| STAIRDANCE
  1000 | D:3      | 1000 ||| Stepping ~*~*~tactically~*~*~ (outnumbered).
  1042 | D:3      | Noticed an ogre
  1043 | D:3      | 1043 ||| INVOKING Fiery Armour.
  1054 | D:3      | Killed an ogre
  1055 | D:3      | Reached skill level 6 in Unarmed Combat
  1055 | D:3      | Reached XP level 5. HP: 37/50 MP: 5/5
  1178 | D:3      | Reached skill level 1 in Throwing
  1615 | D:3      | 1615 ||| READING scroll labelled ETRO WIKAENG.
  1640 | D:3      | 1640 ||| READING scroll labelled NEULOHI DOLI.
  1641 | D:3      | 1641 ||| READING 2 scrolls of identify.
  1641 | D:3      | 1641 ||| IDENTIFYING fuming ruby potion
  1642 | D:3      | 1642 ||| DROPPING potion of attraction.
  1912 | D:4      | 1912 ||| Stepping ~*~*~tactically~*~*~ (stealth).
  1917 | D:4      | Reached XP level 6. HP: 35/59 MP: 6/6
  1918 | D:4      | 1918 ||| FLEEEEING.
  1919 | D:4      | 1919 ||| FLEEEEING.
  1920 | D:4      | 1920 ||| FLEEEEING.
  1921 | D:4      | 1921 ||| FLEEEEING.
  1922 | D:4      | 1922 ||| FLEEEEING.
  1923 | D:4      | 1923 ||| FLEEEEING.
  1924 | D:4      | 1924 ||| FLEEEEING.
  1925 | D:4      | 1925 ||| FLEEEEING.
  1926 | D:4      | 1926 ||| FLEEEEING.
  1927 | D:4      | 1927 ||| FLEEEEING.
  1928 | D:4      | 1928 ||| FLEEEEING.
  1929 | D:4      | 1929 ||| FLEEEEING.
  1931 | D:4      | 1931 ||| FLEEEEING.
  1933 | D:4      | 1933 ||| FLEEEEING.
  1934 | D:4      | 1934 ||| FLEEEEING.
  1935 | D:4      | 1935 ||| FLEEEEING.
  2010 | D:4      | 2010 ||| Stepping ~*~*~tactically~*~*~ (stealth).
  2171 | D:4      | Reached skill level 7 in Unarmed Combat
  2336 | D:4      | Noticed Duvessa
  2337 | D:4      | Noticed Dowan
  2338 | D:4      | 2338 ||| INVOKING Fiery Armour.
  2346 | D:4      | Killed Duvessa
  2347 | D:4      | Reached XP level 7. HP: 50/66 MP: 7/7
  2354 | D:4      | Killed Dowan
  2355 | D:4      | Reached skill level 8 in Unarmed Combat
  2408 | D:4      | 2408 ||| Stepping ~*~*~tactically~*~*~ (hiding).
  2763 | D:4      | Found a basalt altar of Yredelemnul.
  2936 | D:4      | 2936 ||| UPGRADING to +0 cloak.
  2982 | D:5      | Entered Level 5 of the Dungeon
  2982 | D:5      | Found a staircase to the Ecumenical Temple.
  3058 | D:5      | Reached skill level 3 in Fighting
  3222 | D:5      | Reached skill level 3 in Throwing
  3263 | D:5      | 3263 ||| Stepping ~*~*~tactically~*~*~ (stealth).
  3272 | D:5      | Found a radiant altar of Vehumet.
  3275 | D:5      | Found an iron altar of Okawaru.
  3302 | D:5      | 3302 ||| INVOKING Fiery Armour.
  3801 | D:5      | Found a runed translucent door.
  3802 | D:5      | Noticed Crazy Yiuf
  3805 | D:5      | 3805 ||| UPGRADING to ring of see invisible.
  3867 | D:6      | Reached skill level 9 in Unarmed Combat
  3867 | D:6      | Reached XP level 8. HP: 69/75 MP: 8/8
  3870 | D:6      | 3870 ||| Stepping ~*~*~tactically~*~*~ (outnumbered).
  3871 | D:6      | 3871 ||| Stepping ~*~*~tactically~*~*~ (outnumbered).
  3872 | D:6      | 3872 ||| Stepping ~*~*~tactically~*~*~ (outnumbered).
  3873 | D:6      | 3873 ||| Stepping ~*~*~tactically~*~*~ (outnumbered).
  3874 | D:6      | 3874 ||| Stepping ~*~*~tactically~*~*~ (outnumbered).
  3882 | D:6      | Reached skill level 1 in Dodging
  3892 | D:6      | Identified the +6 quarterstaff of Wufosk {drain, rN+ Dex+3}
  3946 | D:6      | 3946 ||| DRINKING 4 potions of curing.
  3946 | D:6      | 3946 ||| (to cure confusion)
  4012 | D:6      | 4012 ||| INVOKING Fiery Armour.
  4016 | D:6      | 4016 ||| DRINKING 3 potions of curing.
  4016 | D:6      | 4016 ||| (to cure confusion)
  4017 | D:6      | Noticed a two-headed ogre
  4019 | D:6      | 4019 ||| Stepping ~*~*~tactically~*~*~ (outnumbered).
  4020 | D:6      | 4020 ||| Stepping ~*~*~tactically~*~*~ (outnumbered).
  4021 | D:6      | 4021 ||| Stepping ~*~*~tactically~*~*~ (outnumbered).
  4031 | D:6      | 4031 ||| Stepping ~*~*~tactically~*~*~ (outnumbered).
  4032 | D:6      | 4032 ||| Stepping ~*~*~tactically~*~*~ (outnumbered).
  4033 | D:6      | 4033 ||| Stepping ~*~*~tactically~*~*~ (outnumbered).
  4034 | D:6      | 4034 ||| Stepping ~*~*~tactically~*~*~ (outnumbered).
  4035 | D:6      | 4035 ||| Stepping ~*~*~tactically~*~*~ (outnumbered).
  4041 | D:6      | Killed a two-headed ogre
  4042 | D:6      | Reached skill level 11 in Unarmed Combat
  4042 | D:6      | Reached XP level 9. HP: 25/81 MP: 9/9
  4320 | D:6      | 4320 ||| READING scroll labelled GOBI HALUFE.
  4321 | D:6      | 4321 ||| READING scroll labelled LUQINI RAHIRUE.
  4322 | D:6      | 4322 ||| READING scroll labelled FAGEIF DOAV.
  4323 | D:6      | 4323 ||| DRINKING 2 viscous silvery potions.
  4324 | D:6      | 4324 ||| DRINKING 3 puce potions.
  4325 | D:6      | 4325 ||| DRINKING 2 black potions.
  4326 | D:6      | 4326 ||| DROPPING 2 potions of invisibility.
  4327 | D:6      | 4327 ||| DROPPING potion of flight.
  4409 | D:7      | 4409 ||| Stepping ~*~*~tactically~*~*~ (hiding).
  4454 | D:7      | 4454 ||| Stepping ~*~*~tactically~*~*~ (stealth).
  4455 | D:7      | 4455 ||| Stepping ~*~*~tactically~*~*~ (hiding).
  4458 | D:7      | 4458 ||| Stepping ~*~*~tactically~*~*~ (hiding).
  4494 | D:7      | Found a glowing silver altar of Zin.
  4497 | D:7      | 4497 ||| Stepping ~*~*~tactically~*~*~ (stealth).
  4529 | D:7      | 4529 ||| Stepping ~*~*~tactically~*~*~ (stealth).
  4568 | D:7      | 4568 ||| Stepping ~*~*~tactically~*~*~ (hiding).
  4577 | D:7      | 4577 ||| Stepping ~*~*~tactically~*~*~ (hiding).
  4580 | D:7      | 4580 ||| Stepping ~*~*~tactically~*~*~ (outnumbered).
  4588 | D:7      | 4588 ||| Stepping ~*~*~tactically~*~*~ (outnumbered).
  4590 | D:7      | 4590 ||| Stepping ~*~*~tactically~*~*~ (outnumbered).
  4592 | D:7      | 4592 ||| INVOKING Fiery Armour.
  4618 | D:7      | 4618 ||| FLEEEEING.
  4625 | D:7      | 4625 ||| FLEEEEING.
  4626 | D:7      | 4626 ||| FLEEEEING.
  4627 | D:7      | 4627 ||| FLEEEEING.
  4629 | D:7      | 4629 ||| FLEEEEING.
  4630 | D:7      | 4630 ||| FLEEEEING.
  4631 | D:7      | 4631 ||| FLEEEEING.
  4632 | D:7      | 4632 ||| FLEEEEING.
  4636 | D:7      | 4636 ||| STAIRDANCE
  4645 | D:6      | 4645 ||| READING 2 scrolls of identify.
  4645 | D:6      | 4645 ||| IDENTIFYING fuming clear potion
  4646 | D:6      | 4646 ||| DROPPING potion of magic.
  4784 | D:7      | 4784 ||| Stepping ~*~*~tactically~*~*~ (outnumbered).
  4787 | D:7      | 4787 ||| INVOKING Fiery Armour.
  5166 | D:7      | 5166 ||| READING 3 scrolls of identify.
  5166 | D:7      | 5166 ||| IDENTIFYING amethyst potion
  5167 | D:7      | 5167 ||| READING 2 scrolls of identify.
  5167 | D:7      | 5167 ||| IDENTIFYING murky purple potion
  5168 | D:7      | 5168 ||| DROPPING potion of lignification.
  5202 | D:8      | 5202 ||| Stepping ~*~*~tactically~*~*~ (hiding).
  5203 | D:8      | 5203 ||| Stepping ~*~*~tactically~*~*~ (hiding).
  5204 | D:8      | 5204 ||| Stepping ~*~*~tactically~*~*~ (hiding).
  5400 | D:8      | Identified the +0 leather armour "Qyustruju" {Str+4}
  5431 | D:8      | 5431 ||| Stepping ~*~*~tactically~*~*~ (outnumbered).
  5432 | D:8      | 5432 ||| Stepping ~*~*~tactically~*~*~ (outnumbered).
  5434 | D:8      | 5434 ||| Stepping ~*~*~tactically~*~*~ (outnumbered).
  5438 | D:8      | 5438 ||| INVOKING Fiery Armour.
  5441 | D:8      | 5441 ||| Stepping ~*~*~tactically~*~*~ (hiding).
  5448 | D:8      | Reached skill level 12 in Unarmed Combat
  5616 | D:8      | Found a staircase to the Lair.
  5643 | D:8      | 5643 ||| Stepping ~*~*~tactically~*~*~ (stealth).
  5644 | D:8      | 5644 ||| Stepping ~*~*~tactically~*~*~ (stealth).
  5646 | D:8      | 5646 ||| Stepping ~*~*~tactically~*~*~ (stealth).
  5652 | D:8      | 5652 ||| Stepping ~*~*~tactically~*~*~ (hiding).
  5685 | D:8      | 5685 ||| Stepping ~*~*~tactically~*~*~ (hiding).
  5733 | D:8      | 5733 ||| Stepping ~*~*~tactically~*~*~ (stealth).
  5736 | D:8      | 5736 ||| Stepping ~*~*~tactically~*~*~ (stealth).
  5853 | D:8      | Found a shimmering altar of Xom.
  5892 | D:8      | 5892 ||| Stepping ~*~*~tactically~*~*~ (hiding).
  5906 | D:8      | 5906 ||| Stepping ~*~*~tactically~*~*~ (stealth).
  5907 | D:8      | 5907 ||| Stepping ~*~*~tactically~*~*~ (stealth).
  6055 | D:8      | 6055 ||| Stepping ~*~*~tactically~*~*~ (stealth).
  6056 | D:8      | 6056 ||| Stepping ~*~*~tactically~*~*~ (stealth).
  6058 | D:8      | 6058 ||| Stepping ~*~*~tactically~*~*~ (hiding).
  6061 | D:8      | 6061 ||| INVOKING Fiery Armour.
  6328 | D:8      | Found a glowing golden altar of the Shining One.
  6591 | D:8      | 6591 ||| READING scroll labelled WYDWUD IFYPP.
  6592 | D:8      | 6592 ||| PLANNING LAIR
  6592 | D:8      | 6592 ||| DRINKING 2 metallic cyan potions.
  6696 | D:8      | 6696 ||| DROPPING potion of berserk rage.
  6735 | Lair:1   | Entered Level 1 of the Lair of Beasts
  6735 | Lair:1   | You fall into a shaft and drop 1 floor!
  6746 | Lair:1   | 6746 ||| INVOKING Fiery Armour.
  6747 | Lair:1   | 6747 ||| Stepping ~*~*~tactically~*~*~ (outnumbered).
  6748 | Lair:1   | 6748 ||| Stepping ~*~*~tactically~*~*~ (outnumbered).
  6749 | Lair:1   | 6749 ||| Stepping ~*~*~tactically~*~*~ (outnumbered).
  6759 | Lair:1   | HP: 16/88 [yak (13)]
  6760 | Lair:1   | 6760 ||| READING 4 scrolls of teleportation.
  6762 | Lair:1   | Reached XP level 10. HP: 18/96 MP: 10/10
  6854 | Lair:1   | Noticed an eight-headed hydra
  6855 | Lair:1   | 6855 ||| INVOKING Fiery Armour.
  6859 | Lair:1   | Killed a ten-headed hydra
  6937 | Lair:1   | Reached skill level 13 in Unarmed Combat
  6966 | Lair:1   | Reached skill level 1 in Armour
  6967 | Lair:1   | 6967 ||| INVOKING Fiery Armour.
  7063 | Lair:1   | 7063 ||| READING scroll of enchant armour.
  7063 | Lair:1   | 7063 ||| ENCHANTING +0 cloak.
  7108 | Lair:1   | 7108 ||| Stepping ~*~*~tactically~*~*~ (stealth).
  7128 | Lair:1   | Reached skill level 14 in Unarmed Combat
  7129 | Lair:1   | 7129 ||| Stepping ~*~*~tactically~*~*~ (stealth).
  7207 | Lair:1   | 7207 ||| PLANNING CONVERSION TO OKAWARU
  7207 | Lair:1   | 7207 ||| READING 3 scrolls of teleportation.
  7210 | Lair:1   | 7210 ||| READING 2 scrolls of teleportation.
  7213 | Lair:1   | 7213 ||| READING scroll of teleportation.
  7216 | Lair:1   | 7216 ||| Stepping randomly (stuck).
  7217 | Lair:1   | 7217 ||| Stepping randomly (stuck).
  7218 | Lair:1   | 7218 ||| Stepping randomly (stuck).
  7219 | Lair:1   | 7219 ||| Stepping randomly (stuck).
  7220 | Lair:1   | 7220 ||| Stepping randomly (stuck).
  7221 | Lair:1   | 7221 ||| Stepping randomly (stuck).
  7222 | Lair:1   | 7222 ||| Stepping randomly (stuck).
  7223 | Lair:1   | 7223 ||| Stepping randomly (stuck).
  7224 | Lair:1   | 7224 ||| Stepping randomly (stuck).
  7225 | Lair:1   | 7225 ||| Stepping randomly (stuck).
  7226 | Lair:1   | 7226 ||| Stepping randomly (stuck).
  7227 | Lair:1   | 7227 ||| Stepping randomly (stuck).
  7228 | Lair:1   | 7228 ||| Stepping randomly (stuck).
  7229 | Lair:1   | 7229 ||| Stepping randomly (stuck).
  7230 | Lair:1   | 7230 ||| Stepping randomly (stuck).
  7231 | Lair:1   | 7231 ||| Stepping randomly (stuck).
  7232 | Lair:1   | 7232 ||| Stepping randomly (stuck).
  7233 | Lair:1   | 7233 ||| Stepping randomly (stuck).
  7234 | Lair:1   | 7234 ||| Stepping randomly (stuck).
  7235 | Lair:1   | 7235 ||| Stepping randomly (stuck).
  7236 | Lair:1   | 7236 ||| Stepping randomly (stuck).
  7237 | Lair:1   | 7237 ||| Stepping randomly (stuck).
  7238 | Lair:1   | 7238 ||| Stepping randomly (stuck).
  7239 | Lair:1   | 7239 ||| Stepping randomly (stuck).
  7240 | Lair:1   | 7240 ||| Stepping randomly (stuck).
  7241 | Lair:1   | 7241 ||| Stepping randomly (stuck).
  7242 | Lair:1   | 7242 ||| Stepping randomly (stuck).
  7243 | Lair:1   | 7243 ||| Stepping randomly (stuck).
  7244 | Lair:1   | 7244 ||| Stepping randomly (stuck).
  7245 | Lair:1   | 7245 ||| Stepping randomly (stuck).
  7246 | Lair:1   | 7246 ||| Stepping randomly (stuck).
  7247 | Lair:1   | 7247 ||| Stepping randomly (stuck).
  7248 | Lair:1   | 7248 ||| Stepping randomly (stuck).
  7249 | Lair:1   | 7249 ||| Stepping randomly (stuck).
  7250 | Lair:1   | 7250 ||| Stepping randomly (stuck).
  7251 | Lair:1   | 7251 ||| Stepping randomly (stuck).
  7252 | Lair:1   | 7252 ||| Stepping randomly (stuck).
  7253 | Lair:1   | 7253 ||| Stepping randomly (stuck).
  7254 | Lair:1   | 7254 ||| Stepping randomly (stuck).
  7255 | Lair:1   | 7255 ||| Stepping randomly (stuck).
  7256 | Lair:1   | 7256 ||| Stepping randomly (stuck).
  7257 | Lair:1   | 7257 ||| Stepping randomly (stuck).
  7258 | Lair:1   | 7258 ||| Stepping randomly (stuck).
  7259 | Lair:1   | 7259 ||| Stepping randomly (stuck).
  7260 | Lair:1   | 7260 ||| Stepping randomly (stuck).
  7261 | Lair:1   | 7261 ||| Stepping randomly (stuck).
  7262 | Lair:1   | 7262 ||| Stepping randomly (stuck).
  7263 | Lair:1   | 7263 ||| Stepping randomly (stuck).
  7264 | Lair:1   | 7264 ||| Stepping randomly (stuck).
  7265 | Lair:1   | 7265 ||| Stepping randomly (stuck).
  7266 | Lair:1   | 7266 ||| Stepping randomly (stuck).
  7267 | Lair:1   | 7267 ||| Stepping randomly (stuck).
  7268 | Lair:1   | 7268 ||| Stepping randomly (stuck).
  7269 | Lair:1   | 7269 ||| Stepping randomly (stuck).
  7270 | Lair:1   | 7270 ||| Stepping randomly (stuck).
  7271 | Lair:1   | 7271 ||| Stepping randomly (stuck).
  7272 | Lair:1   | 7272 ||| Stepping randomly (stuck).
  7273 | Lair:1   | 7273 ||| Stepping randomly (stuck).
  7274 | Lair:1   | 7274 ||| Stepping randomly (stuck).
  7275 | Lair:1   | 7275 ||| Stepping randomly (stuck).
  7276 | Lair:1   | 7276 ||| Stepping randomly (stuck).
  7277 | Lair:1   | 7277 ||| Stepping randomly (stuck).
  7278 | Lair:1   | 7278 ||| Stepping randomly (stuck).
  7279 | Lair:1   | 7279 ||| Stepping randomly (stuck).
  7280 | Lair:1   | 7280 ||| Stepping randomly (stuck).
  7281 | Lair:1   | 7281 ||| Stepping randomly (stuck).
  7282 | Lair:1   | 7282 ||| Stepping randomly (stuck).
  7283 | Lair:1   | 7283 ||| Stepping randomly (stuck).
  7284 | Lair:1   | 7284 ||| Stepping randomly (stuck).
  7285 | Lair:1   | 7285 ||| Stepping randomly (stuck).
  7286 | Lair:1   | 7286 ||| Stepping randomly (stuck).
  7287 | Lair:1   | 7287 ||| Stepping randomly (stuck).
  7288 | Lair:1   | 7288 ||| Stepping randomly (stuck).
  7289 | Lair:1   | 7289 ||| Stepping randomly (stuck).
  7290 | Lair:1   | 7290 ||| Stepping randomly (stuck).
  7291 | Lair:1   | 7291 ||| Stepping randomly (stuck).
  7292 | Lair:1   | 7292 ||| Stepping randomly (stuck).
  7293 | Lair:1   | 7293 ||| Stepping randomly (stuck).
  7294 | Lair:1   | 7294 ||| Stepping randomly (stuck).
  7295 | Lair:1   | 7295 ||| Stepping randomly (stuck).
  7296 | Lair:1   | 7296 ||| Stepping randomly (stuck).
  7297 | Lair:1   | 7297 ||| Stepping randomly (stuck).
  7298 | Lair:1   | 7298 ||| Stepping randomly (stuck).
  7299 | Lair:1   | 7299 ||| Stepping randomly (stuck).
  7300 | Lair:1   | 7300 ||| Stepping randomly (stuck).
  7301 | Lair:1   | 7301 ||| Stepping randomly (stuck).
  7302 | Lair:1   | 7302 ||| Stepping randomly (stuck).
  7303 | Lair:1   | 7303 ||| Stepping randomly (stuck).
  7304 | Lair:1   | 7304 ||| Stepping randomly (stuck).
  7305 | Lair:1   | 7305 ||| Stepping randomly (stuck).
  7306 | Lair:1   | 7306 ||| Stepping randomly (stuck).
  7307 | Lair:1   | 7307 ||| Stepping randomly (stuck).
  7308 | Lair:1   | 7308 ||| Stepping randomly (stuck).
  7309 | Lair:1   | 7309 ||| Stepping randomly (stuck).
  7310 | Lair:1   | 7310 ||| Stepping randomly (stuck).
  7311 | Lair:1   | 7311 ||| Stepping randomly (stuck).
  7312 | Lair:1   | 7312 ||| Stepping randomly (stuck).
  7313 | Lair:1   | 7313 ||| Stepping randomly (stuck).
  7314 | Lair:1   | 7314 ||| Stepping randomly (stuck).
  7315 | Lair:1   | 7315 ||| Stepping randomly (stuck).
  7316 | Lair:1   | 7316 ||| Stepping randomly (stuck).
  7317 | Lair:1   | 7317 ||| Stepping randomly (stuck).
  7318 | Lair:1   | 7318 ||| Stepping randomly (stuck).
  7319 | Lair:1   | 7319 ||| Stepping randomly (stuck).
  7320 | Lair:1   | 7320 ||| Stepping randomly (stuck).
  7321 | Lair:1   | 7321 ||| Stepping randomly (stuck).
  7322 | Lair:1   | 7322 ||| Stepping randomly (stuck).
  7323 | Lair:1   | 7323 ||| Stepping randomly (stuck).
  7324 | Lair:1   | 7324 ||| Stepping randomly (stuck).
  7325 | Lair:1   | 7325 ||| Stepping randomly (stuck).
  7326 | Lair:1   | 7326 ||| Stepping randomly (stuck).
  7327 | Lair:1   | 7327 ||| Stepping randomly (stuck).
  7328 | Lair:1   | 7328 ||| Stepping randomly (stuck).
  7329 | Lair:1   | 7329 ||| Stepping randomly (stuck).
  7330 | Lair:1   | 7330 ||| Stepping randomly (stuck).
  7331 | Lair:1   | 7331 ||| Stepping randomly (stuck).
  7332 | Lair:1   | 7332 ||| Stepping randomly (stuck).
  7333 | Lair:1   | 7333 ||| Stepping randomly (stuck).
  7334 | Lair:1   | 7334 ||| Stepping randomly (stuck).
  7335 | Lair:1   | 7335 ||| Stepping randomly (stuck).
  7336 | Lair:1   | 7336 ||| Stepping randomly (stuck).
  7337 | Lair:1   | 7337 ||| Stepping randomly (stuck).
  7338 | Lair:1   | 7338 ||| Stepping randomly (stuck).
  7339 | Lair:1   | 7339 ||| Stepping randomly (stuck).
  7340 | Lair:1   | 7340 ||| Stepping randomly (stuck).
  7341 | Lair:1   | 7341 ||| Stepping randomly (stuck).
  7342 | Lair:1   | 7342 ||| Stepping randomly (stuck).
  7343 | Lair:1   | 7343 ||| Stepping randomly (stuck).
  7344 | Lair:1   | 7344 ||| Stepping randomly (stuck).
  7345 | Lair:1   | 7345 ||| Stepping randomly (stuck).
  7346 | Lair:1   | 7346 ||| Stepping randomly (stuck).
  7347 | Lair:1   | 7347 ||| Stepping randomly (stuck).
  7348 | Lair:1   | 7348 ||| Stepping randomly (stuck).
  7349 | Lair:1   | 7349 ||| Stepping randomly (stuck).
  7350 | Lair:1   | 7350 ||| Stepping randomly (stuck).
  7351 | Lair:1   | 7351 ||| Stepping randomly (stuck).
  7352 | Lair:1   | 7352 ||| Stepping randomly (stuck).
  7353 | Lair:1   | 7353 ||| Stepping randomly (stuck).
  7354 | Lair:1   | 7354 ||| Stepping randomly (stuck).
  7355 | Lair:1   | 7355 ||| Stepping randomly (stuck).
  7356 | Lair:1   | 7356 ||| Stepping randomly (stuck).
  7363 | Lair:1   | Reached skill level 6 in Fighting
  7399 | Lair:1   | 7399 ||| Stepping randomly (stuck).
  7400 | Lair:1   | 7400 ||| Stepping randomly (stuck).
  7401 | Lair:1   | 7401 ||| Stepping randomly (stuck).
  7402 | Lair:1   | 7402 ||| Stepping randomly (stuck).
  7403 | Lair:1   | 7403 ||| Stepping randomly (stuck).
  7404 | Lair:1   | 7404 ||| Stepping randomly (stuck).
  7405 | Lair:1   | 7405 ||| Stepping randomly (stuck).
  7406 | Lair:1   | 7406 ||| Stepping randomly (stuck).
  7407 | Lair:1   | 7407 ||| Stepping randomly (stuck).
  7408 | Lair:1   | 7408 ||| Stepping randomly (stuck).
  7409 | Lair:1   | 7409 ||| Stepping randomly (stuck).
  7410 | Lair:1   | 7410 ||| Stepping randomly (stuck).
  7411 | Lair:1   | 7411 ||| Stepping randomly (stuck).
  7412 | Lair:1   | 7412 ||| Stepping randomly (stuck).
  7413 | Lair:1   | 7413 ||| Stepping randomly (stuck).
  7414 | Lair:1   | 7414 ||| Stepping randomly (stuck).
  7415 | Lair:1   | 7415 ||| Stepping randomly (stuck).
  7416 | Lair:1   | 7416 ||| Stepping randomly (stuck).
  7417 | Lair:1   | 7417 ||| Stepping randomly (stuck).
  7418 | Lair:1   | 7418 ||| Stepping randomly (stuck).
  7419 | Lair:1   | 7419 ||| Stepping randomly (stuck).
  7420 | Lair:1   | 7420 ||| Stepping randomly (stuck).
  7421 | Lair:1   | 7421 ||| Stepping randomly (stuck).
  7422 | Lair:1   | 7422 ||| Stepping randomly (stuck).
  7423 | Lair:1   | 7423 ||| Stepping randomly (stuck).
  7424 | Lair:1   | 7424 ||| Stepping randomly (stuck).
  7425 | Lair:1   | 7425 ||| Stepping randomly (stuck).
  7426 | Lair:1   | 7426 ||| Stepping randomly (stuck).
  7427 | Lair:1   | 7427 ||| Stepping randomly (stuck).
  7428 | Lair:1   | 7428 ||| Stepping randomly (stuck).
  7429 | Lair:1   | 7429 ||| Stepping randomly (stuck).
  7430 | Lair:1   | 7430 ||| Stepping randomly (stuck).
  7431 | Lair:1   | 7431 ||| Stepping randomly (stuck).
  7432 | Lair:1   | 7432 ||| Stepping randomly (stuck).
  7433 | Lair:1   | 7433 ||| Stepping randomly (stuck).
  7434 | Lair:1   | 7434 ||| Stepping randomly (stuck).
  7435 | Lair:1   | 7435 ||| Stepping randomly (stuck).
  7436 | Lair:1   | 7436 ||| Stepping randomly (stuck).
  7437 | Lair:1   | 7437 ||| Stepping randomly (stuck).
  7438 | Lair:1   | 7438 ||| Stepping randomly (stuck).
  7439 | Lair:1   | 7439 ||| Stepping randomly (stuck).
  7440 | Lair:1   | 7440 ||| Stepping randomly (stuck).
  7441 | Lair:1   | 7441 ||| Stepping randomly (stuck).
  7442 | Lair:1   | 7442 ||| Stepping randomly (stuck).
  7443 | Lair:1   | 7443 ||| Stepping randomly (stuck).
  7444 | Lair:1   | 7444 ||| Stepping randomly (stuck).
  7445 | Lair:1   | 7445 ||| Stepping randomly (stuck).
  7446 | Lair:1   | 7446 ||| Stepping randomly (stuck).
  7447 | Lair:1   | 7447 ||| Stepping randomly (stuck).
  7448 | Lair:1   | 7448 ||| Stepping randomly (stuck).
  7449 | Lair:1   | 7449 ||| Stepping randomly (stuck).
  7450 | Lair:1   | 7450 ||| Stepping randomly (stuck).
  7451 | Lair:1   | 7451 ||| Stepping randomly (stuck).
  7452 | Lair:1   | 7452 ||| Stepping randomly (stuck).
  7453 | Lair:1   | 7453 ||| Stepping randomly (stuck).
  7454 | Lair:1   | 7454 ||| Stepping randomly (stuck).
  7455 | Lair:1   | 7455 ||| Stepping randomly (stuck).
  7456 | Lair:1   | 7456 ||| Stepping randomly (stuck).
  7457 | Lair:1   | 7457 ||| Stepping randomly (stuck).
  7458 | Lair:1   | 7458 ||| Stepping randomly (stuck).
  7459 | Lair:1   | 7459 ||| Stepping randomly (stuck).
  7460 | Lair:1   | 7460 ||| Stepping randomly (stuck).
  7461 | Lair:1   | 7461 ||| Stepping randomly (stuck).
  7462 | Lair:1   | 7462 ||| Stepping randomly (stuck).
  7463 | Lair:1   | 7463 ||| Stepping randomly (stuck).
  7464 | Lair:1   | 7464 ||| Stepping randomly (stuck).
  7465 | Lair:1   | 7465 ||| Stepping randomly (stuck).
  7466 | Lair:1   | 7466 ||| Stepping randomly (stuck).
  7467 | Lair:1   | 7467 ||| Stepping randomly (stuck).
  7468 | Lair:1   | 7468 ||| Stepping randomly (stuck).
  7469 | Lair:1   | 7469 ||| Stepping randomly (stuck).
  7470 | Lair:1   | 7470 ||| Stepping randomly (stuck).
  7471 | Lair:1   | 7471 ||| Stepping randomly (stuck).
  7472 | Lair:1   | 7472 ||| Stepping randomly (stuck).
  7473 | Lair:1   | 7473 ||| Stepping randomly (stuck).
  7474 | Lair:1   | 7474 ||| Stepping randomly (stuck).
  7475 | Lair:1   | 7475 ||| Stepping randomly (stuck).
  7476 | Lair:1   | 7476 ||| Stepping randomly (stuck).
  7477 | Lair:1   | 7477 ||| Stepping randomly (stuck).
  7478 | Lair:1   | 7478 ||| Stepping randomly (stuck).
  7479 | Lair:1   | 7479 ||| Stepping randomly (stuck).
  7480 | Lair:1   | 7480 ||| Stepping randomly (stuck).
  7481 | Lair:1   | 7481 ||| Stepping randomly (stuck).
  7482 | Lair:1   | 7482 ||| Stepping randomly (stuck).
  7483 | Lair:1   | 7483 ||| Stepping randomly (stuck).
  7484 | Lair:1   | 7484 ||| Stepping randomly (stuck).
  7485 | Lair:1   | 7485 ||| Stepping randomly (stuck).
  7486 | Lair:1   | 7486 ||| Stepping randomly (stuck).
  7487 | Lair:1   | 7487 ||| Stepping randomly (stuck).
  7488 | Lair:1   | 7488 ||| Stepping randomly (stuck).
  7489 | Lair:1   | 7489 ||| Stepping randomly (stuck).
  7490 | Lair:1   | 7490 ||| Stepping randomly (stuck).
  7491 | Lair:1   | 7491 ||| Stepping randomly (stuck).
  7492 | Lair:1   | 7492 ||| Stepping randomly (stuck).
  7493 | Lair:1   | 7493 ||| Stepping randomly (stuck).
  7494 | Lair:1   | 7494 ||| Stepping randomly (stuck).
  7495 | Lair:1   | 7495 ||| Stepping randomly (stuck).
  7496 | Lair:1   | 7496 ||| Stepping randomly (stuck).
  7497 | Lair:1   | 7497 ||| Stepping randomly (stuck).
  7498 | Lair:1   | 7498 ||| Stepping randomly (stuck).
  7499 | Lair:1   | 7499 ||| Stepping randomly (stuck).
  7500 | Lair:1   | 7500 ||| Stepping randomly (stuck).
  7501 | Lair:1   | 7501 ||| Stepping randomly (stuck).
  7502 | Lair:1   | 7502 ||| Stepping randomly (stuck).
  7503 | Lair:1   | 7503 ||| Stepping randomly (stuck).
  7504 | Lair:1   | 7504 ||| Stepping randomly (stuck).
  7505 | Lair:1   | 7505 ||| Stepping randomly (stuck).
  7506 | Lair:1   | 7506 ||| Stepping randomly (stuck).
  7507 | Lair:1   | 7507 ||| Stepping randomly (stuck).
  7508 | Lair:1   | 7508 ||| Stepping randomly (stuck).
  7509 | Lair:1   | 7509 ||| Stepping randomly (stuck).
  7510 | Lair:1   | 7510 ||| Stepping randomly (stuck).
  7511 | Lair:1   | 7511 ||| Stepping randomly (stuck).
  7512 | Lair:1   | 7512 ||| Stepping randomly (stuck).
  7513 | Lair:1   | 7513 ||| Stepping randomly (stuck).
  7514 | Lair:1   | 7514 ||| Stepping randomly (stuck).
  7515 | Lair:1   | 7515 ||| Stepping randomly (stuck).
  7516 | Lair:1   | 7516 ||| Stepping randomly (stuck).
  7517 | Lair:1   | 7517 ||| Stepping randomly (stuck).
  7518 | Lair:1   | 7518 ||| Stepping randomly (stuck).
  7519 | Lair:1   | 7519 ||| Stepping randomly (stuck).
  7520 | Lair:1   | 7520 ||| Stepping randomly (stuck).
  7521 | Lair:1   | 7521 ||| Stepping randomly (stuck).
  7522 | Lair:1   | 7522 ||| Stepping randomly (stuck).
  7523 | Lair:1   | 7523 ||| Stepping randomly (stuck).
  7524 | Lair:1   | 7524 ||| Stepping randomly (stuck).
  7525 | Lair:1   | 7525 ||| Stepping randomly (stuck).
  7526 | Lair:1   | 7526 ||| Stepping randomly (stuck).
  7527 | Lair:1   | 7527 ||| Stepping randomly (stuck).
  7528 | Lair:1   | 7528 ||| Stepping randomly (stuck).
  7529 | Lair:1   | 7529 ||| Stepping randomly (stuck).
  7530 | Lair:1   | 7530 ||| Stepping randomly (stuck).
  7531 | Lair:1   | 7531 ||| Stepping randomly (stuck).
  7532 | Lair:1   | 7532 ||| Stepping randomly (stuck).
  7533 | Lair:1   | 7533 ||| Stepping randomly (stuck).
  7534 | Lair:1   | 7534 ||| Stepping randomly (stuck).
  7535 | Lair:1   | 7535 ||| Stepping randomly (stuck).
  7536 | Lair:1   | 7536 ||| Stepping randomly (stuck).
  7537 | Lair:1   | 7537 ||| Stepping randomly (stuck).
  7538 | Lair:1   | 7538 ||| Stepping randomly (stuck).
  7539 | Lair:1   | 7539 ||| Stepping randomly (stuck).
  7540 | Lair:1   | 7540 ||| Stepping randomly (stuck).
  7541 | Lair:1   | 7541 ||| Stepping randomly (stuck).
  7542 | Lair:1   | 7542 ||| Stepping randomly (stuck).
  7543 | Lair:1   | 7543 ||| Stepping randomly (stuck).
  7544 | Lair:1   | 7544 ||| Stepping randomly (stuck).
  7545 | Lair:1   | 7545 ||| Stepping randomly (stuck).
  7546 | Lair:1   | 7546 ||| Stepping randomly (stuck).
  7547 | Lair:1   | 7547 ||| Stepping randomly (stuck).
  7548 | Lair:1   | 7548 ||| Stepping randomly (stuck).
  7558 | Lair:1   | 7558 ||| Stepping randomly (stuck).
  7559 | Lair:1   | 7559 ||| Stepping randomly (stuck).
  7560 | Lair:1   | 7560 ||| Stepping randomly (stuck).
  7561 | Lair:1   | 7561 ||| Stepping randomly (stuck).
  7562 | Lair:1   | 7562 ||| Stepping randomly (stuck).
  7563 | Lair:1   | 7563 ||| Stepping randomly (stuck).
  7564 | Lair:1   | 7564 ||| Stepping randomly (stuck).
  7565 | Lair:1   | 7565 ||| Stepping randomly (stuck).
  7567 | Lair:1   | 7567 ||| Stepping randomly (stuck).
  7568 | Lair:1   | 7568 ||| Stepping randomly (stuck).
  7569 | Lair:1   | 7569 ||| Stepping randomly (stuck).
  7570 | Lair:1   | 7570 ||| Stepping randomly (stuck).
  7571 | Lair:1   | 7571 ||| Stepping randomly (stuck).
  7572 | Lair:1   | 7572 ||| Stepping randomly (stuck).
  7573 | Lair:1   | 7573 ||| Stepping randomly (stuck).
  7574 | Lair:1   | 7574 ||| Stepping randomly (stuck).
  7575 | Lair:1   | 7575 ||| Stepping randomly (stuck).
  7576 | Lair:1   | 7576 ||| Stepping randomly (stuck).
  7577 | Lair:1   | 7577 ||| Stepping randomly (stuck).
  7578 | Lair:1   | 7578 ||| Stepping randomly (stuck).
  7579 | Lair:1   | 7579 ||| Stepping randomly (stuck).
  7580 | Lair:1   | 7580 ||| Stepping randomly (stuck).
  7581 | Lair:1   | 7581 ||| Stepping randomly (stuck).
  7582 | Lair:1   | 7582 ||| Stepping randomly (stuck).
  7583 | Lair:1   | 7583 ||| Stepping randomly (stuck).
  7584 | Lair:1   | 7584 ||| Stepping randomly (stuck).
  7585 | Lair:1   | 7585 ||| Stepping randomly (stuck).
  7586 | Lair:1   | 7586 ||| Stepping randomly (stuck).
  7587 | Lair:1   | 7587 ||| Stepping randomly (stuck).
  7588 | Lair:1   | 7588 ||| Stepping randomly (stuck).
  7589 | Lair:1   | 7589 ||| Stepping randomly (stuck).
  7590 | Lair:1   | 7590 ||| Stepping randomly (stuck).
  7591 | Lair:1   | 7591 ||| Stepping randomly (stuck).
  7592 | Lair:1   | 7592 ||| Stepping randomly (stuck).
  7593 | Lair:1   | 7593 ||| Stepping randomly (stuck).
  7594 | Lair:1   | 7594 ||| Stepping randomly (stuck).
  7595 | Lair:1   | 7595 ||| Stepping randomly (stuck).
  7596 | Lair:1   | 7596 ||| Stepping randomly (stuck).
  7597 | Lair:1   | 7597 ||| Stepping randomly (stuck).
  7598 | Lair:1   | 7598 ||| Stepping randomly (stuck).
  7599 | Lair:1   | 7599 ||| Stepping randomly (stuck).
  7600 | Lair:1   | 7600 ||| Stepping randomly (stuck).
  7601 | Lair:1   | 7601 ||| Stepping randomly (stuck).
  7602 | Lair:1   | 7602 ||| Stepping randomly (stuck).
  7603 | Lair:1   | 7603 ||| Stepping randomly (stuck).
  7604 | Lair:1   | 7604 ||| Stepping randomly (stuck).
  7605 | Lair:1   | 7605 ||| Stepping randomly (stuck).
  7606 | Lair:1   | 7606 ||| Stepping randomly (stuck).
  7607 | Lair:1   | 7607 ||| Stepping randomly (stuck).
  7608 | Lair:1   | 7608 ||| Stepping randomly (stuck).
  7609 | Lair:1   | 7609 ||| Stepping randomly (stuck).
  7610 | Lair:1   | 7610 ||| Stepping randomly (stuck).
  7611 | Lair:1   | 7611 ||| Stepping randomly (stuck).
  7612 | Lair:1   | 7612 ||| Stepping randomly (stuck).
  7613 | Lair:1   | 7613 ||| Stepping randomly (stuck).
  7614 | Lair:1   | 7614 ||| Stepping randomly (stuck).
  7615 | Lair:1   | 7615 ||| Stepping randomly (stuck).
  7616 | Lair:1   | 7616 ||| Stepping randomly (stuck).
  7617 | Lair:1   | 7617 ||| Stepping randomly (stuck).
  7618 | Lair:1   | 7618 ||| Stepping randomly (stuck).
  7619 | Lair:1   | 7619 ||| Stepping randomly (stuck).
  7620 | Lair:1   | 7620 ||| Stepping randomly (stuck).
  7621 | Lair:1   | 7621 ||| Stepping randomly (stuck).
  7622 | Lair:1   | 7622 ||| Stepping randomly (stuck).
  7623 | Lair:1   | 7623 ||| Stepping randomly (stuck).
  7624 | Lair:1   | 7624 ||| Stepping randomly (stuck).
  7625 | Lair:1   | 7625 ||| Stepping randomly (stuck).
  7626 | Lair:1   | 7626 ||| Stepping randomly (stuck).
  7627 | Lair:1   | 7627 ||| Stepping randomly (stuck).
  7628 | Lair:1   | 7628 ||| Stepping randomly (stuck).
  7629 | Lair:1   | 7629 ||| Stepping randomly (stuck).
  7630 | Lair:1   | 7630 ||| Stepping randomly (stuck).
  7631 | Lair:1   | 7631 ||| Stepping randomly (stuck).
  7632 | Lair:1   | 7632 ||| Stepping randomly (stuck).
  7633 | Lair:1   | 7633 ||| Stepping randomly (stuck).
  7634 | Lair:1   | 7634 ||| Stepping randomly (stuck).
  7635 | Lair:1   | 7635 ||| Stepping randomly (stuck).
  7636 | Lair:1   | 7636 ||| Stepping randomly (stuck).
  7637 | Lair:1   | 7637 ||| Stepping randomly (stuck).
  7638 | Lair:1   | 7638 ||| Stepping randomly (stuck).
  7639 | Lair:1   | 7639 ||| Stepping randomly (stuck).
  7640 | Lair:1   | 7640 ||| Stepping randomly (stuck).
  7641 | Lair:1   | 7641 ||| Stepping randomly (stuck).
  7642 | Lair:1   | 7642 ||| Stepping randomly (stuck).
  7643 | Lair:1   | 7643 ||| Stepping randomly (stuck).
  7644 | Lair:1   | 7644 ||| Stepping randomly (stuck).
  7645 | Lair:1   | 7645 ||| Stepping randomly (stuck).
  7646 | Lair:1   | 7646 ||| Stepping randomly (stuck).
  7647 | Lair:1   | 7647 ||| Stepping randomly (stuck).
  7648 | Lair:1   | 7648 ||| Stepping randomly (stuck).
  7649 | Lair:1   | 7649 ||| Stepping randomly (stuck).
  7650 | Lair:1   | 7650 ||| Stepping randomly (stuck).
  7651 | Lair:1   | 7651 ||| Stepping randomly (stuck).
  7652 | Lair:1   | 7652 ||| Stepping randomly (stuck).
  7653 | Lair:1   | 7653 ||| Stepping randomly (stuck).
  7654 | Lair:1   | 7654 ||| Stepping randomly (stuck).
  7655 | Lair:1   | 7655 ||| Stepping randomly (stuck).
  7656 | Lair:1   | 7656 ||| Stepping randomly (stuck).
  7657 | Lair:1   | 7657 ||| Stepping randomly (stuck).
  7658 | Lair:1   | 7658 ||| Stepping randomly (stuck).
  7659 | Lair:1   | 7659 ||| Stepping randomly (stuck).
  7660 | Lair:1   | 7660 ||| Stepping randomly (stuck).
  7661 | Lair:1   | 7661 ||| Stepping randomly (stuck).
  7662 | Lair:1   | 7662 ||| Stepping randomly (stuck).
  7663 | Lair:1   | 7663 ||| Stepping randomly (stuck).
  7664 | Lair:1   | 7664 ||| Stepping randomly (stuck).
  7665 | Lair:1   | 7665 ||| Stepping randomly (stuck).
  7666 | Lair:1   | 7666 ||| Stepping randomly (stuck).
  7667 | Lair:1   | 7667 ||| Stepping randomly (stuck).
  7668 | Lair:1   | 7668 ||| Stepping randomly (stuck).
  7669 | Lair:1   | 7669 ||| Stepping randomly (stuck).
  7670 | Lair:1   | 7670 ||| Stepping randomly (stuck).
  7671 | Lair:1   | 7671 ||| Stepping randomly (stuck).
  7672 | Lair:1   | 7672 ||| Stepping randomly (stuck).
  7673 | Lair:1   | 7673 ||| Stepping randomly (stuck).
  7674 | Lair:1   | 7674 ||| Stepping randomly (stuck).
  7675 | Lair:1   | 7675 ||| Stepping randomly (stuck).
  7676 | Lair:1   | 7676 ||| Stepping randomly (stuck).
  7677 | Lair:1   | 7677 ||| Stepping randomly (stuck).
  7678 | Lair:1   | 7678 ||| Stepping randomly (stuck).
  7679 | Lair:1   | 7679 ||| Stepping randomly (stuck).
  7680 | Lair:1   | 7680 ||| Stepping randomly (stuck).
  7681 | Lair:1   | 7681 ||| Stepping randomly (stuck).
  7682 | Lair:1   | 7682 ||| Stepping randomly (stuck).
  7683 | Lair:1   | 7683 ||| Stepping randomly (stuck).
  7684 | Lair:1   | 7684 ||| Stepping randomly (stuck).
  7685 | Lair:1   | 7685 ||| Stepping randomly (stuck).
  7686 | Lair:1   | 7686 ||| Stepping randomly (stuck).
  7687 | Lair:1   | 7687 ||| Stepping randomly (stuck).
  7688 | Lair:1   | 7688 ||| Stepping randomly (stuck).
  7689 | Lair:1   | 7689 ||| Stepping randomly (stuck).
  7690 | Lair:1   | 7690 ||| Stepping randomly (stuck).
  7691 | Lair:1   | 7691 ||| Stepping randomly (stuck).
  7692 | Lair:1   | 7692 ||| Stepping randomly (stuck).
  7693 | Lair:1   | 7693 ||| Stepping randomly (stuck).
  7694 | Lair:1   | 7694 ||| Stepping randomly (stuck).
  7695 | Lair:1   | 7695 ||| Stepping randomly (stuck).
  7696 | Lair:1   | 7696 ||| Stepping randomly (stuck).
  7697 | Lair:1   | 7697 ||| Stepping randomly (stuck).
  7698 | Lair:1   | 7698 ||| Stepping randomly (stuck).
  7699 | Lair:1   | 7699 ||| Stepping randomly (stuck).
  7700 | Lair:1   | 7700 ||| Stepping randomly (stuck).
  7701 | Lair:1   | 7701 ||| Stepping randomly (stuck).
  7702 | Lair:1   | 7702 ||| Stepping randomly (stuck).
  7703 | Lair:1   | 7703 ||| Stepping randomly (stuck).
  7704 | Lair:1   | 7704 ||| Stepping randomly (stuck).
  7705 | Lair:1   | 7705 ||| Stepping randomly (stuck).
  7706 | Lair:1   | 7706 ||| Stepping randomly (stuck).
  7707 | Lair:1   | 7707 ||| Stepping randomly (stuck).
  7708 | Lair:1   | 7708 ||| Stepping randomly (stuck).
  7709 | Lair:1   | 7709 ||| Stepping randomly (stuck).
  7710 | Lair:1   | 7710 ||| Stepping randomly (stuck).
  7711 | Lair:1   | 7711 ||| Stepping randomly (stuck).
  7712 | Lair:1   | 7712 ||| Stepping randomly (stuck).
  7713 | Lair:1   | 7713 ||| Stepping randomly (stuck).
  7714 | Lair:1   | 7714 ||| Stepping randomly (stuck).
  7715 | Lair:1   | 7715 ||| Stepping randomly (stuck).
  7716 | Lair:1   | 7716 ||| Stepping randomly (stuck).
  7717 | Lair:1   | 7717 ||| Stepping randomly (stuck).
  7718 | Lair:1   | 7718 ||| Stepping randomly (stuck).
  7719 | Lair:1   | 7719 ||| Stepping randomly (stuck).
  7720 | Lair:1   | 7720 ||| Stepping randomly (stuck).
  7721 | Lair:1   | 7721 ||| Stepping randomly (stuck).
  7722 | Lair:1   | 7722 ||| Stepping randomly (stuck).
  7723 | Lair:1   | 7723 ||| Stepping randomly (stuck).
  7724 | Lair:1   | 7724 ||| Stepping randomly (stuck).
  7725 | Lair:1   | 7725 ||| Stepping randomly (stuck).
  7726 | Lair:1   | 7726 ||| Stepping randomly (stuck).
  7727 | Lair:1   | 7727 ||| Stepping randomly (stuck).
  7728 | Lair:1   | 7728 ||| Stepping randomly (stuck).
  7729 | Lair:1   | 7729 ||| Stepping randomly (stuck).
  7730 | Lair:1   | 7730 ||| Stepping randomly (stuck).
  7731 | Lair:1   | 7731 ||| Stepping randomly (stuck).
  7732 | Lair:1   | 7732 ||| Stepping randomly (stuck).
  7733 | Lair:1   | 7733 ||| Stepping randomly (stuck).
  7734 | Lair:1   | 7734 ||| Stepping randomly (stuck).
  7735 | Lair:1   | 7735 ||| Stepping randomly (stuck).
  7736 | Lair:1   | 7736 ||| Stepping randomly (stuck).
  7737 | Lair:1   | 7737 ||| Stepping randomly (stuck).
  7738 | Lair:1   | 7738 ||| Stepping randomly (stuck).
  7739 | Lair:1   | 7739 ||| Stepping randomly (stuck).
  7740 | Lair:1   | 7740 ||| Stepping randomly (stuck).
  7741 | Lair:1   | 7741 ||| Stepping randomly (stuck).
  7742 | Lair:1   | 7742 ||| Stepping randomly (stuck).
  7743 | Lair:1   | 7743 ||| Stepping randomly (stuck).
  7744 | Lair:1   | 7744 ||| Stepping randomly (stuck).
  7745 | Lair:1   | 7745 ||| Stepping randomly (stuck).
  7746 | Lair:1   | 7746 ||| Stepping randomly (stuck).
  7747 | Lair:1   | 7747 ||| Stepping randomly (stuck).
  7748 | Lair:1   | 7748 ||| Stepping randomly (stuck).
  7749 | Lair:1   | 7749 ||| Stepping randomly (stuck).
  7750 | Lair:1   | 7750 ||| Stepping randomly (stuck).
  7751 | Lair:1   | 7751 ||| Stepping randomly (stuck).
  7752 | Lair:1   | 7752 ||| Stepping randomly (stuck).
  7753 | Lair:1   | 7753 ||| Stepping randomly (stuck).
  7754 | Lair:1   | 7754 ||| Stepping randomly (stuck).
  7755 | Lair:1   | 7755 ||| Stepping randomly (stuck).
  7756 | Lair:1   | 7756 ||| Stepping randomly (stuck).
  7757 | Lair:1   | 7757 ||| Stepping randomly (stuck).
  7758 | Lair:1   | 7758 ||| Stepping randomly (stuck).
  7759 | Lair:1   | 7759 ||| Stepping randomly (stuck).
  7760 | Lair:1   | 7760 ||| Stepping randomly (stuck).
  7761 | Lair:1   | 7761 ||| Stepping randomly (stuck).
  7762 | Lair:1   | 7762 ||| Stepping randomly (stuck).
  7763 | Lair:1   | 7763 ||| Stepping randomly (stuck).
  7764 | Lair:1   | 7764 ||| Stepping randomly (stuck).
  7765 | Lair:1   | 7765 ||| Stepping randomly (stuck).
  7766 | Lair:1   | 7766 ||| Stepping randomly (stuck).
  7767 | Lair:1   | 7767 ||| Stepping randomly (stuck).
  7768 | Lair:1   | 7768 ||| Stepping randomly (stuck).
  7769 | Lair:1   | 7769 ||| Stepping randomly (stuck).
  7770 | Lair:1   | 7770 ||| Stepping randomly (stuck).
  7771 | Lair:1   | 7771 ||| Stepping randomly (stuck).
  7772 | Lair:1   | 7772 ||| Stepping randomly (stuck).
  7773 | Lair:1   | 7773 ||| Stepping randomly (stuck).
  7774 | Lair:1   | 7774 ||| Stepping randomly (stuck).
  7775 | Lair:1   | 7775 ||| Stepping randomly (stuck).
  7776 | Lair:1   | 7776 ||| Stepping randomly (stuck).
  7777 | Lair:1   | 7777 ||| Stepping randomly (stuck).
  7778 | Lair:1   | 7778 ||| Stepping randomly (stuck).
  7779 | Lair:1   | 7779 ||| Stepping randomly (stuck).
  7780 | Lair:1   | 7780 ||| Stepping randomly (stuck).
  7781 | Lair:1   | 7781 ||| Stepping randomly (stuck).
  7782 | Lair:1   | 7782 ||| Stepping randomly (stuck).
  7783 | Lair:1   | 7783 ||| Stepping randomly (stuck).
  7784 | Lair:1   | 7784 ||| Stepping randomly (stuck).
  7785 | Lair:1   | 7785 ||| Stepping randomly (stuck).
  7786 | Lair:1   | 7786 ||| Stepping randomly (stuck).
  7787 | Lair:1   | 7787 ||| Stepping randomly (stuck).
  7788 | Lair:1   | 7788 ||| Stepping randomly (stuck).
  7789 | Lair:1   | 7789 ||| Stepping randomly (stuck).
  7790 | Lair:1   | 7790 ||| Stepping randomly (stuck).
  7791 | Lair:1   | 7791 ||| Stepping randomly (stuck).
  7792 | Lair:1   | 7792 ||| Stepping randomly (stuck).
  7793 | Lair:1   | 7793 ||| Stepping randomly (stuck).
  7794 | Lair:1   | 7794 ||| Stepping randomly (stuck).
  7795 | Lair:1   | 7795 ||| Stepping randomly (stuck).
  7796 | Lair:1   | 7796 ||| Stepping randomly (stuck).
  7797 | Lair:1   | 7797 ||| Stepping randomly (stuck).
  7798 | Lair:1   | 7798 ||| Stepping randomly (stuck).
  7799 | Lair:1   | 7799 ||| Stepping randomly (stuck).
  7800 | Lair:1   | 7800 ||| Stepping randomly (stuck).
  7801 | Lair:1   | 7801 ||| Stepping randomly (stuck).
  7802 | Lair:1   | 7802 ||| Stepping randomly (stuck).
  7803 | Lair:1   | 7803 ||| Stepping randomly (stuck).
  7804 | Lair:1   | 7804 ||| Stepping randomly (stuck).
  7805 | Lair:1   | 7805 ||| Stepping randomly (stuck).
  7806 | Lair:1   | 7806 ||| Stepping randomly (stuck).
  7807 | Lair:1   | 7807 ||| Stepping randomly (stuck).
  7808 | Lair:1   | 7808 ||| Stepping randomly (stuck).
  7809 | Lair:1   | 7809 ||| Stepping randomly (stuck).
  7810 | Lair:1   | 7810 ||| Stepping randomly (stuck).
  7811 | Lair:1   | 7811 ||| Stepping randomly (stuck).
  7812 | Lair:1   | 7812 ||| Stepping randomly (stuck).
  7813 | Lair:1   | 7813 ||| Stepping randomly (stuck).
  7814 | Lair:1   | 7814 ||| Stepping randomly (stuck).
  7815 | Lair:1   | 7815 ||| Stepping randomly (stuck).
  7816 | Lair:1   | 7816 ||| Stepping randomly (stuck).
  7817 | Lair:1   | 7817 ||| Stepping randomly (stuck).
  7818 | Lair:1   | 7818 ||| Stepping randomly (stuck).
  7819 | Lair:1   | 7819 ||| Stepping randomly (stuck).
  7820 | Lair:1   | 7820 ||| Stepping randomly (stuck).
  7821 | Lair:1   | 7821 ||| Stepping randomly (stuck).
  7822 | Lair:1   | 7822 ||| Stepping randomly (stuck).
  7823 | Lair:1   | 7823 ||| Stepping randomly (stuck).
  7824 | Lair:1   | 7824 ||| Stepping randomly (stuck).
  7825 | Lair:1   | 7825 ||| Stepping randomly (stuck).
  7826 | Lair:1   | 7826 ||| Stepping randomly (stuck).
  7827 | Lair:1   | 7827 ||| Stepping randomly (stuck).
  7828 | Lair:1   | 7828 ||| Stepping randomly (stuck).
  7829 | Lair:1   | 7829 ||| Stepping randomly (stuck).
  7830 | Lair:1   | 7830 ||| Stepping randomly (stuck).
  7831 | Lair:1   | 7831 ||| Stepping randomly (stuck).
  7832 | Lair:1   | 7832 ||| Stepping randomly (stuck).
  7833 | Lair:1   | 7833 ||| Stepping randomly (stuck).
  7834 | Lair:1   | 7834 ||| Stepping randomly (stuck).
  7835 | Lair:1   | 7835 ||| Stepping randomly (stuck).
  7836 | Lair:1   | 7836 ||| Stepping randomly (stuck).
  7837 | Lair:1   | 7837 ||| Stepping randomly (stuck).
  7838 | Lair:1   | 7838 ||| Stepping randomly (stuck).
  7839 | Lair:1   | 7839 ||| Stepping randomly (stuck).
  7840 | Lair:1   | 7840 ||| Stepping randomly (stuck).
  7841 | Lair:1   | 7841 ||| Stepping randomly (stuck).
  7842 | Lair:1   | 7842 ||| Stepping randomly (stuck).
  7843 | Lair:1   | 7843 ||| Stepping randomly (stuck).
  7844 | Lair:1   | 7844 ||| Stepping randomly (stuck).
  7845 | Lair:1   | 7845 ||| Stepping randomly (stuck).
  7846 | Lair:1   | 7846 ||| Stepping randomly (stuck).
  7847 | Lair:1   | 7847 ||| Stepping randomly (stuck).
  7848 | Lair:1   | 7848 ||| Stepping randomly (stuck).
  7849 | Lair:1   | 7849 ||| Stepping randomly (stuck).
  7850 | Lair:1   | 7850 ||| Stepping randomly (stuck).
  7851 | Lair:1   | 7851 ||| Stepping randomly (stuck).
  7852 | Lair:1   | 7852 ||| Stepping randomly (stuck).
  7853 | Lair:1   | 7853 ||| Stepping randomly (stuck).
  7854 | Lair:1   | 7854 ||| Stepping randomly (stuck).
  7855 | Lair:1   | 7855 ||| Stepping randomly (stuck).
  7856 | Lair:1   | 7856 ||| Stepping randomly (stuck).
  7857 | Lair:1   | 7857 ||| Stepping randomly (stuck).
  7858 | Lair:1   | 7858 ||| Stepping randomly (stuck).
  7859 | Lair:1   | 7859 ||| Stepping randomly (stuck).
  7860 | Lair:1   | 7860 ||| Stepping randomly (stuck).
  7861 | Lair:1   | 7861 ||| Stepping randomly (stuck).
  7862 | Lair:1   | 7862 ||| Stepping randomly (stuck).
  7863 | Lair:1   | 7863 ||| Stepping randomly (stuck).
  7864 | Lair:1   | 7864 ||| Stepping randomly (stuck).
  7865 | Lair:1   | 7865 ||| Stepping randomly (stuck).
  7866 | Lair:1   | 7866 ||| Stepping randomly (stuck).
  7867 | Lair:1   | 7867 ||| Stepping randomly (stuck).
  7868 | Lair:1   | 7868 ||| Stepping randomly (stuck).
  7869 | Lair:1   | 7869 ||| Stepping randomly (stuck).
  7870 | Lair:1   | 7870 ||| Stepping randomly (stuck).
  7871 | Lair:1   | 7871 ||| Stepping randomly (stuck).
  7872 | Lair:1   | 7872 ||| Stepping randomly (stuck).
  7873 | Lair:1   | 7873 ||| Stepping randomly (stuck).
  7874 | Lair:1   | 7874 ||| Stepping randomly (stuck).
  7875 | Lair:1   | 7875 ||| Stepping randomly (stuck).
  7876 | Lair:1   | 7876 ||| Stepping randomly (stuck).
  7877 | Lair:1   | 7877 ||| Stepping randomly (stuck).
  7878 | Lair:1   | 7878 ||| Stepping randomly (stuck).
  7879 | Lair:1   | 7879 ||| Stepping randomly (stuck).
  7880 | Lair:1   | 7880 ||| Stepping randomly (stuck).
  7881 | Lair:1   | 7881 ||| Stepping randomly (stuck).
  7882 | Lair:1   | 7882 ||| Stepping randomly (stuck).
  7883 | Lair:1   | 7883 ||| Stepping randomly (stuck).
  7884 | Lair:1   | 7884 ||| Stepping randomly (stuck).
  7885 | Lair:1   | 7885 ||| Stepping randomly (stuck).
  7886 | Lair:1   | 7886 ||| Stepping randomly (stuck).
  7887 | Lair:1   | 7887 ||| Stepping randomly (stuck).
  7888 | Lair:1   | 7888 ||| Stepping randomly (stuck).
  7889 | Lair:1   | 7889 ||| Stepping randomly (stuck).
  7890 | Lair:1   | 7890 ||| Stepping randomly (stuck).
  7891 | Lair:1   | 7891 ||| Stepping randomly (stuck).
  7892 | Lair:1   | 7892 ||| Stepping randomly (stuck).
  7893 | Lair:1   | 7893 ||| Stepping randomly (stuck).
  7894 | Lair:1   | 7894 ||| Stepping randomly (stuck).
  7895 | Lair:1   | 7895 ||| Stepping randomly (stuck).
  7896 | Lair:1   | 7896 ||| Stepping randomly (stuck).
  7897 | Lair:1   | 7897 ||| Stepping randomly (stuck).
  7898 | Lair:1   | 7898 ||| Stepping randomly (stuck).
  7899 | Lair:1   | 7899 ||| Stepping randomly (stuck).
  7900 | Lair:1   | 7900 ||| Stepping randomly (stuck).
  7901 | Lair:1   | 7901 ||| Stepping randomly (stuck).
  7902 | Lair:1   | 7902 ||| Stepping randomly (stuck).
  7903 | Lair:1   | 7903 ||| Stepping randomly (stuck).
  7904 | Lair:1   | 7904 ||| Stepping randomly (stuck).
  7905 | Lair:1   | 7905 ||| Stepping randomly (stuck).
  7906 | Lair:1   | 7906 ||| Stepping randomly (stuck).
  7907 | Lair:1   | 7907 ||| Stepping randomly (stuck).
  7908 | Lair:1   | 7908 ||| Stepping randomly (stuck).
  7909 | Lair:1   | 7909 ||| Stepping randomly (stuck).
  7910 | Lair:1   | 7910 ||| Stepping randomly (stuck).
  7911 | Lair:1   | 7911 ||| Stepping randomly (stuck).
  7912 | Lair:1   | 7912 ||| Stepping randomly (stuck).
  7913 | Lair:1   | 7913 ||| Stepping randomly (stuck).
  7914 | Lair:1   | 7914 ||| Stepping randomly (stuck).
  7915 | Lair:1   | 7915 ||| Stepping randomly (stuck).
  7916 | Lair:1   | 7916 ||| Stepping randomly (stuck).
  7917 | Lair:1   | 7917 ||| Stepping randomly (stuck).
  7918 | Lair:1   | 7918 ||| Stepping randomly (stuck).
  7919 | Lair:1   | 7919 ||| Stepping randomly (stuck).
  7920 | Lair:1   | 7920 ||| Stepping randomly (stuck).
  7921 | Lair:1   | 7921 ||| Stepping randomly (stuck).
  7922 | Lair:1   | 7922 ||| Stepping randomly (stuck).
  7923 | Lair:1   | 7923 ||| Stepping randomly (stuck).
  7924 | Lair:1   | 7924 ||| Stepping randomly (stuck).
  7925 | Lair:1   | 7925 ||| Stepping randomly (stuck).
  7926 | Lair:1   | 7926 ||| Stepping randomly (stuck).
  7927 | Lair:1   | 7927 ||| Stepping randomly (stuck).
  7928 | Lair:1   | 7928 ||| Stepping randomly (stuck).
  7929 | Lair:1   | 7929 ||| Stepping randomly (stuck).
  7930 | Lair:1   | 7930 ||| Stepping randomly (stuck).
  7931 | Lair:1   | 7931 ||| Stepping randomly (stuck).
  7932 | Lair:1   | 7932 ||| Stepping randomly (stuck).
  7933 | Lair:1   | 7933 ||| Stepping randomly (stuck).
  7934 | Lair:1   | 7934 ||| Stepping randomly (stuck).
  7935 | Lair:1   | 7935 ||| Stepping randomly (stuck).
  7936 | Lair:1   | 7936 ||| Stepping randomly (stuck).
  7937 | Lair:1   | 7937 ||| Stepping randomly (stuck).
  7938 | Lair:1   | 7938 ||| Stepping randomly (stuck).
  7939 | Lair:1   | 7939 ||| Stepping randomly (stuck).
  7940 | Lair:1   | 7940 ||| Stepping randomly (stuck).
  7941 | Lair:1   | 7941 ||| Stepping randomly (stuck).
  7942 | Lair:1   | 7942 ||| Stepping randomly (stuck).
  7943 | Lair:1   | 7943 ||| Stepping randomly (stuck).
  7944 | Lair:1   | 7944 ||| Stepping randomly (stuck).
  7945 | Lair:1   | 7945 ||| Stepping randomly (stuck).
  7946 | Lair:1   | 7946 ||| Stepping randomly (stuck).
  7947 | Lair:1   | 7947 ||| Stepping randomly (stuck).
  7948 | Lair:1   | 7948 ||| Stepping randomly (stuck).
  7949 | Lair:1   | 7949 ||| Stepping randomly (stuck).
  7950 | Lair:1   | 7950 ||| Stepping randomly (stuck).
  7951 | Lair:1   | 7951 ||| Stepping randomly (stuck).
  7952 | Lair:1   | 7952 ||| Stepping randomly (stuck).
  7953 | Lair:1   | 7953 ||| Stepping randomly (stuck).
  7954 | Lair:1   | 7954 ||| Stepping randomly (stuck).
  7955 | Lair:1   | 7955 ||| Stepping randomly (stuck).
  7956 | Lair:1   | 7956 ||| Stepping randomly (stuck).
  7957 | Lair:1   | 7957 ||| Stepping randomly (stuck).
  7958 | Lair:1   | 7958 ||| Stepping randomly (stuck).
  7959 | Lair:1   | 7959 ||| Stepping randomly (stuck).
  7960 | Lair:1   | 7960 ||| Stepping randomly (stuck).
  7961 | Lair:1   | 7961 ||| Stepping randomly (stuck).
  7962 | Lair:1   | 7962 ||| Stepping randomly (stuck).
  7963 | Lair:1   | 7963 ||| Stepping randomly (stuck).
  7964 | Lair:1   | 7964 ||| Stepping randomly (stuck).
  7965 | Lair:1   | 7965 ||| Stepping randomly (stuck).
  7966 | Lair:1   | 7966 ||| Stepping randomly (stuck).
  7967 | Lair:1   | 7967 ||| Stepping randomly (stuck).
  7968 | Lair:1   | 7968 ||| Stepping randomly (stuck).
  7969 | Lair:1   | 7969 ||| Stepping randomly (stuck).
  7970 | Lair:1   | 7970 ||| Stepping randomly (stuck).
  7971 | Lair:1   | 7971 ||| Stepping randomly (stuck).
  7972 | Lair:1   | 7972 ||| Stepping randomly (stuck).
  7973 | Lair:1   | 7973 ||| Stepping randomly (stuck).
  7974 | Lair:1   | 7974 ||| Stepping randomly (stuck).
  7975 | Lair:1   | 7975 ||| Stepping randomly (stuck).
  7976 | Lair:1   | 7976 ||| Stepping randomly (stuck).
  7977 | Lair:1   | 7977 ||| Stepping randomly (stuck).
  7978 | Lair:1   | 7978 ||| Stepping randomly (stuck).
  7979 | Lair:1   | 7979 ||| Stepping randomly (stuck).
  7980 | Lair:1   | 7980 ||| Stepping randomly (stuck).
  7981 | Lair:1   | 7981 ||| Stepping randomly (stuck).
  7982 | Lair:1   | 7982 ||| Stepping randomly (stuck).
  7983 | Lair:1   | 7983 ||| Stepping randomly (stuck).
  7984 | Lair:1   | 7984 ||| Stepping randomly (stuck).
  7985 | Lair:1   | 7985 ||| Stepping randomly (stuck).
  7986 | Lair:1   | 7986 ||| Stepping randomly (stuck).
  7987 | Lair:1   | 7987 ||| Stepping randomly (stuck).
  7988 | Lair:1   | 7988 ||| Stepping randomly (stuck).
  7989 | Lair:1   | 7989 ||| Stepping randomly (stuck).
  7990 | Lair:1   | 7990 ||| Stepping randomly (stuck).
  7991 | Lair:1   | 7991 ||| Stepping randomly (stuck).
  7992 | Lair:1   | 7992 ||| Stepping randomly (stuck).
  7993 | Lair:1   | 7993 ||| Stepping randomly (stuck).
  7994 | Lair:1   | 7994 ||| Stepping randomly (stuck).
  7995 | Lair:1   | 7995 ||| Stepping randomly (stuck).
  7996 | Lair:1   | 7996 ||| Stepping randomly (stuck).
  7997 | Lair:1   | 7997 ||| Stepping randomly (stuck).
  7998 | Lair:1   | 7998 ||| Stepping randomly (stuck).
  7999 | Lair:1   | 7999 ||| Stepping randomly (stuck).
  8000 | Lair:1   | 8000 ||| Stepping randomly (stuck).
  8001 | Lair:1   | 8001 ||| Stepping randomly (stuck).
  8002 | Lair:1   | 8002 ||| Stepping randomly (stuck).
  8003 | Lair:1   | 8003 ||| Stepping randomly (stuck).
  8004 | Lair:1   | 8004 ||| Stepping randomly (stuck).
  8005 | Lair:1   | 8005 ||| Stepping randomly (stuck).
  8006 | Lair:1   | 8006 ||| Stepping randomly (stuck).
  8007 | Lair:1   | 8007 ||| Stepping randomly (stuck).
  8008 | Lair:1   | 8008 ||| Stepping randomly (stuck).
  8009 | Lair:1   | 8009 ||| Stepping randomly (stuck).
  8010 | Lair:1   | 8010 ||| Stepping randomly (stuck).
  8011 | Lair:1   | 8011 ||| Stepping randomly (stuck).
  8012 | Lair:1   | 8012 ||| Stepping randomly (stuck).
  8013 | Lair:1   | 8013 ||| Stepping randomly (stuck).
  8014 | Lair:1   | 8014 ||| Stepping randomly (stuck).
  8015 | Lair:1   | 8015 ||| Stepping randomly (stuck).
  8016 | Lair:1   | 8016 ||| Stepping randomly (stuck).
  8017 | Lair:1   | 8017 ||| Stepping randomly (stuck).
  8018 | Lair:1   | 8018 ||| Stepping randomly (stuck).
  8019 | Lair:1   | 8019 ||| Stepping randomly (stuck).
  8020 | Lair:1   | 8020 ||| Stepping randomly (stuck).
  8021 | Lair:1   | 8021 ||| Stepping randomly (stuck).
  8022 | Lair:1   | 8022 ||| Stepping randomly (stuck).
  8023 | Lair:1   | 8023 ||| Stepping randomly (stuck).
  8024 | Lair:1   | 8024 ||| Stepping randomly (stuck).
  8025 | Lair:1   | 8025 ||| Stepping randomly (stuck).
  8026 | Lair:1   | 8026 ||| Stepping randomly (stuck).
  8027 | Lair:1   | 8027 ||| Stepping randomly (stuck).
  8028 | Lair:1   | 8028 ||| Stepping randomly (stuck).
  8029 | Lair:1   | 8029 ||| Stepping randomly (stuck).
  8030 | Lair:1   | 8030 ||| Stepping randomly (stuck).
  8031 | Lair:1   | 8031 ||| Stepping randomly (stuck).
  8032 | Lair:1   | 8032 ||| Stepping randomly (stuck).
  8033 | Lair:1   | 8033 ||| Stepping randomly (stuck).
  8034 | Lair:1   | 8034 ||| Stepping randomly (stuck).
  8035 | Lair:1   | 8035 ||| Stepping randomly (stuck).
  8036 | Lair:1   | 8036 ||| Stepping randomly (stuck).
  8037 | Lair:1   | 8037 ||| Stepping randomly (stuck).
  8038 | Lair:1   | 8038 ||| Stepping randomly (stuck).
  8039 | Lair:1   | 8039 ||| Stepping randomly (stuck).
  8040 | Lair:1   | 8040 ||| Stepping randomly (stuck).
  8041 | Lair:1   | 8041 ||| Stepping randomly (stuck).
  8042 | Lair:1   | 8042 ||| Stepping randomly (stuck).
  8043 | Lair:1   | 8043 ||| Stepping randomly (stuck).
  8044 | Lair:1   | 8044 ||| Stepping randomly (stuck).
  8045 | Lair:1   | 8045 ||| Stepping randomly (stuck).
  8046 | Lair:1   | 8046 ||| Stepping randomly (stuck).
  8047 | Lair:1   | 8047 ||| Stepping randomly (stuck).
  8048 | Lair:1   | 8048 ||| Stepping randomly (stuck).
  8049 | Lair:1   | 8049 ||| Stepping randomly (stuck).
  8050 | Lair:1   | 8050 ||| Stepping randomly (stuck).
  8051 | Lair:1   | 8051 ||| Stepping randomly (stuck).
  8052 | Lair:1   | 8052 ||| Stepping randomly (stuck).
  8053 | Lair:1   | 8053 ||| Stepping randomly (stuck).
  8054 | Lair:1   | 8054 ||| Stepping randomly (stuck).
  8055 | Lair:1   | 8055 ||| Stepping randomly (stuck).
  8056 | Lair:1   | 8056 ||| Stepping randomly (stuck).
  8057 | Lair:1   | 8057 ||| Stepping randomly (stuck).
  8058 | Lair:1   | 8058 ||| Stepping randomly (stuck).
  8059 | Lair:1   | 8059 ||| Stepping randomly (stuck).
  8060 | Lair:1   | 8060 ||| Stepping randomly (stuck).
  8061 | Lair:1   | 8061 ||| Stepping randomly (stuck).
  8062 | Lair:1   | 8062 ||| Stepping randomly (stuck).
  8063 | Lair:1   | 8063 ||| Stepping randomly (stuck).
  8064 | Lair:1   | 8064 ||| Stepping randomly (stuck).
  8065 | Lair:1   | 8065 ||| Stepping randomly (stuck).
  8066 | Lair:1   | 8066 ||| Stepping randomly (stuck).
  8067 | Lair:1   | 8067 ||| Stepping randomly (stuck).
  8068 | Lair:1   | 8068 ||| Stepping randomly (stuck).
  8069 | Lair:1   | 8069 ||| Stepping randomly (stuck).
  8070 | Lair:1   | 8070 ||| Stepping randomly (stuck).
  8071 | Lair:1   | 8071 ||| Stepping randomly (stuck).
  8072 | Lair:1   | 8072 ||| Stepping randomly (stuck).
  8073 | Lair:1   | 8073 ||| Stepping randomly (stuck).
  8074 | Lair:1   | 8074 ||| Stepping randomly (stuck).
  8075 | Lair:1   | 8075 ||| Stepping randomly (stuck).
  8076 | Lair:1   | 8076 ||| Stepping randomly (stuck).
  8077 | Lair:1   | 8077 ||| Stepping randomly (stuck).
  8078 | Lair:1   | 8078 ||| Stepping randomly (stuck).
  8079 | Lair:1   | 8079 ||| Stepping randomly (stuck).
  8080 | Lair:1   | 8080 ||| Stepping randomly (stuck).
  8081 | Lair:1   | 8081 ||| Stepping randomly (stuck).
  8082 | Lair:1   | 8082 ||| Stepping randomly (stuck).
  8083 | Lair:1   | 8083 ||| Stepping randomly (stuck).
  8084 | Lair:1   | 8084 ||| Stepping randomly (stuck).
  8085 | Lair:1   | 8085 ||| Stepping randomly (stuck).
  8086 | Lair:1   | 8086 ||| Stepping randomly (stuck).
  8087 | Lair:1   | 8087 ||| Stepping randomly (stuck).
  8088 | Lair:1   | 8088 ||| Stepping randomly (stuck).
  8089 | Lair:1   | 8089 ||| Stepping randomly (stuck).
  8090 | Lair:1   | 8090 ||| Stepping randomly (stuck).
  8091 | Lair:1   | 8091 ||| Stepping randomly (stuck).
  8092 | Lair:1   | 8092 ||| Stepping randomly (stuck).
  8093 | Lair:1   | 8093 ||| Stepping randomly (stuck).
  8094 | Lair:1   | 8094 ||| Stepping randomly (stuck).
  8095 | Lair:1   | 8095 ||| Stepping randomly (stuck).
  8096 | Lair:1   | 8096 ||| Stepping randomly (stuck).
  8097 | Lair:1   | 8097 ||| Stepping randomly (stuck).
  8098 | Lair:1   | 8098 ||| Stepping randomly (stuck).
  8099 | Lair:1   | 8099 ||| Stepping randomly (stuck).
  8100 | Lair:1   | 8100 ||| Stepping randomly (stuck).
  8101 | Lair:1   | 8101 ||| Stepping randomly (stuck).
  8102 | Lair:1   | 8102 ||| Stepping randomly (stuck).
  8103 | Lair:1   | 8103 ||| Stepping randomly (stuck).
  8104 | Lair:1   | 8104 ||| Stepping randomly (stuck).
  8105 | Lair:1   | 8105 ||| Stepping randomly (stuck).
  8106 | Lair:1   | 8106 ||| Stepping randomly (stuck).
  8107 | Lair:1   | 8107 ||| Stepping randomly (stuck).
  8108 | Lair:1   | 8108 ||| Stepping randomly (stuck).
  8109 | Lair:1   | 8109 ||| Stepping randomly (stuck).
  8110 | Lair:1   | 8110 ||| Stepping randomly (stuck).
  8111 | Lair:1   | 8111 ||| Stepping randomly (stuck).
  8112 | Lair:1   | 8112 ||| Stepping randomly (stuck).
  8113 | Lair:1   | 8113 ||| Stepping randomly (stuck).
  8114 | Lair:1   | 8114 ||| Stepping randomly (stuck).
  8115 | Lair:1   | 8115 ||| Stepping randomly (stuck).
  8116 | Lair:1   | 8116 ||| Stepping randomly (stuck).
  8117 | Lair:1   | 8117 ||| Stepping randomly (stuck).
  8118 | Lair:1   | 8118 ||| Stepping randomly (stuck).
  8119 | Lair:1   | 8119 ||| Stepping randomly (stuck).
  8120 | Lair:1   | 8120 ||| Stepping randomly (stuck).
  8121 | Lair:1   | 8121 ||| Stepping randomly (stuck).
  8122 | Lair:1   | 8122 ||| Stepping randomly (stuck).
  8123 | Lair:1   | 8123 ||| Stepping randomly (stuck).
  8124 | Lair:1   | 8124 ||| Stepping randomly (stuck).
  8125 | Lair:1   | 8125 ||| Stepping randomly (stuck).
  8126 | Lair:1   | 8126 ||| Stepping randomly (stuck).
  8127 | Lair:1   | 8127 ||| Stepping randomly (stuck).
  8128 | Lair:1   | 8128 ||| Stepping randomly (stuck).
  8129 | Lair:1   | 8129 ||| Stepping randomly (stuck).
  8130 | Lair:1   | 8130 ||| Stepping randomly (stuck).
  8131 | Lair:1   | 8131 ||| Stepping randomly (stuck).
  8132 | Lair:1   | 8132 ||| Stepping randomly (stuck).
  8133 | Lair:1   | 8133 ||| Stepping randomly (stuck).
  8134 | Lair:1   | 8134 ||| Stepping randomly (stuck).
  8135 | Lair:1   | 8135 ||| Stepping randomly (stuck).
  8136 | Lair:1   | 8136 ||| Stepping randomly (stuck).
  8137 | Lair:1   | 8137 ||| Stepping randomly (stuck).
  8138 | Lair:1   | 8138 ||| Stepping randomly (stuck).
  8139 | Lair:1   | 8139 ||| Stepping randomly (stuck).
  8140 | Lair:1   | 8140 ||| Stepping randomly (stuck).
  8141 | Lair:1   | 8141 ||| Stepping randomly (stuck).
  8142 | Lair:1   | 8142 ||| Stepping randomly (stuck).
  8143 | Lair:1   | 8143 ||| Stepping randomly (stuck).
  8144 | Lair:1   | 8144 ||| Stepping randomly (stuck).
  8145 | Lair:1   | 8145 ||| Stepping randomly (stuck).
  8146 | Lair:1   | 8146 ||| Stepping randomly (stuck).
  8147 | Lair:1   | 8147 ||| Stepping randomly (stuck).
  8148 | Lair:1   | 8148 ||| Stepping randomly (stuck).
  8149 | Lair:1   | 8149 ||| Stepping randomly (stuck).
  8150 | Lair:1   | 8150 ||| Stepping randomly (stuck).
  8151 | Lair:1   | 8151 ||| Stepping randomly (stuck).
  8152 | Lair:1   | 8152 ||| Stepping randomly (stuck).
  8153 | Lair:1   | 8153 ||| Stepping randomly (stuck).
  8154 | Lair:1   | 8154 ||| Stepping randomly (stuck).
  8155 | Lair:1   | 8155 ||| Stepping randomly (stuck).
  8156 | Lair:1   | 8156 ||| Stepping randomly (stuck).
  8157 | Lair:1   | 8157 ||| Stepping randomly (stuck).
  8158 | Lair:1   | 8158 ||| Stepping randomly (stuck).
  8159 | Lair:1   | 8159 ||| Stepping randomly (stuck).
  8160 | Lair:1   | 8160 ||| Stepping randomly (stuck).
  8161 | Lair:1   | 8161 ||| Stepping randomly (stuck).
  8162 | Lair:1   | 8162 ||| Stepping randomly (stuck).
  8163 | Lair:1   | 8163 ||| Stepping randomly (stuck).
  8164 | Lair:1   | 8164 ||| Stepping randomly (stuck).
  8165 | Lair:1   | 8165 ||| Stepping randomly (stuck).
  8166 | Lair:1   | 8166 ||| Stepping randomly (stuck).
  8167 | Lair:1   | 8167 ||| Stepping randomly (stuck).
  8168 | Lair:1   | 8168 ||| Stepping randomly (stuck).
  8169 | Lair:1   | 8169 ||| Stepping randomly (stuck).
  8170 | Lair:1   | 8170 ||| Stepping randomly (stuck).
  8171 | Lair:1   | 8171 ||| Stepping randomly (stuck).
  8172 | Lair:1   | 8172 ||| Stepping randomly (stuck).
  8173 | Lair:1   | 8173 ||| Stepping randomly (stuck).
  8174 | Lair:1   | 8174 ||| Stepping randomly (stuck).
  8175 | Lair:1   | 8175 ||| Stepping randomly (stuck).
  8176 | Lair:1   | 8176 ||| Stepping randomly (stuck).
  8177 | Lair:1   | 8177 ||| Stepping randomly (stuck).
  8178 | Lair:1   | 8178 ||| Stepping randomly (stuck).
  8179 | Lair:1   | 8179 ||| Stepping randomly (stuck).
  8180 | Lair:1   | 8180 ||| Stepping randomly (stuck).
  8181 | Lair:1   | 8181 ||| Stepping randomly (stuck).
  8182 | Lair:1   | 8182 ||| Stepping randomly (stuck).
  8183 | Lair:1   | 8183 ||| Stepping randomly (stuck).
  8184 | Lair:1   | 8184 ||| Stepping randomly (stuck).
  8185 | Lair:1   | 8185 ||| Stepping randomly (stuck).
  8186 | Lair:1   | 8186 ||| Stepping randomly (stuck).
  8187 | Lair:1   | 8187 ||| Stepping randomly (stuck).
  8188 | Lair:1   | 8188 ||| Stepping randomly (stuck).
  8189 | Lair:1   | 8189 ||| Stepping randomly (stuck).
  8190 | Lair:1   | 8190 ||| Stepping randomly (stuck).
  8191 | Lair:1   | 8191 ||| Stepping randomly (stuck).
  8192 | Lair:1   | 8192 ||| Stepping randomly (stuck).
  8193 | Lair:1   | 8193 ||| Stepping randomly (stuck).
  8194 | Lair:1   | 8194 ||| Stepping randomly (stuck).
  8195 | Lair:1   | 8195 ||| Stepping randomly (stuck).
  8196 | Lair:1   | 8196 ||| Stepping randomly (stuck).
  8197 | Lair:1   | 8197 ||| Stepping randomly (stuck).
  8198 | Lair:1   | 8198 ||| Stepping randomly (stuck).
  8199 | Lair:1   | 8199 ||| Stepping randomly (stuck).
  8200 | Lair:1   | 8200 ||| Stepping randomly (stuck).
  8201 | Lair:1   | 8201 ||| Stepping randomly (stuck).
  8202 | Lair:1   | 8202 ||| Stepping randomly (stuck).
  8203 | Lair:1   | 8203 ||| Stepping randomly (stuck).
  8204 | Lair:1   | 8204 ||| Stepping randomly (stuck).
  8205 | Lair:1   | 8205 ||| Stepping randomly (stuck).
  8206 | Lair:1   | 8206 ||| Stepping randomly (stuck).
  8207 | Lair:1   | 8207 ||| Stepping randomly (stuck).
  8208 | Lair:1   | 8208 ||| Stepping randomly (stuck).
  8209 | Lair:1   | 8209 ||| Stepping randomly (stuck).
  8210 | Lair:1   | 8210 ||| Stepping randomly (stuck).
  8211 | Lair:1   | 8211 ||| Stepping randomly (stuck).
  8212 | Lair:1   | 8212 ||| Stepping randomly (stuck).
  8213 | Lair:1   | 8213 ||| Stepping randomly (stuck).
  8214 | Lair:1   | 8214 ||| Stepping randomly (stuck).
  8215 | Lair:1   | 8215 ||| Stepping randomly (stuck).
  8216 | Lair:1   | 8216 ||| Stepping randomly (stuck).
  8217 | Lair:1   | 8217 ||| Stepping randomly (stuck).
  8218 | Lair:1   | 8218 ||| Stepping randomly (stuck).
  8219 | Lair:1   | 8219 ||| Stepping randomly (stuck).
  8220 | Lair:1   | 8220 ||| Stepping randomly (stuck).
  8221 | Lair:1   | 8221 ||| Stepping randomly (stuck).
  8222 | Lair:1   | 8222 ||| Stepping randomly (stuck).
  8223 | Lair:1   | 8223 ||| Stepping randomly (stuck).
  8224 | Lair:1   | 8224 ||| Stepping randomly (stuck).
  8225 | Lair:1   | 8225 ||| Stepping randomly (stuck).
  8226 | Lair:1   | 8226 ||| Stepping randomly (stuck).
  8227 | Lair:1   | 8227 ||| Stepping randomly (stuck).
  8228 | Lair:1   | 8228 ||| Stepping randomly (stuck).
  8229 | Lair:1   | 8229 ||| Stepping randomly (stuck).
  8230 | Lair:1   | 8230 ||| Stepping randomly (stuck).
  8231 | Lair:1   | 8231 ||| Stepping randomly (stuck).
  8232 | Lair:1   | 8232 ||| Stepping randomly (stuck).
  8233 | Lair:1   | 8233 ||| Stepping randomly (stuck).
  8234 | Lair:1   | 8234 ||| Stepping randomly (stuck).
  8235 | Lair:1   | 8235 ||| Stepping randomly (stuck).
  8236 | Lair:1   | 8236 ||| Stepping randomly (stuck).
  8237 | Lair:1   | 8237 ||| Stepping randomly (stuck).
  8238 | Lair:1   | 8238 ||| Stepping randomly (stuck).
  8239 | Lair:1   | 8239 ||| Stepping randomly (stuck).
  8240 | Lair:1   | 8240 ||| Stepping randomly (stuck).
  8241 | Lair:1   | 8241 ||| Stepping randomly (stuck).
  8242 | Lair:1   | 8242 ||| Stepping randomly (stuck).
  8243 | Lair:1   | 8243 ||| Stepping randomly (stuck).
  8244 | Lair:1   | 8244 ||| Stepping randomly (stuck).
  8245 | Lair:1   | 8245 ||| Stepping randomly (stuck).
  8246 | Lair:1   | 8246 ||| Stepping randomly (stuck).
  8247 | Lair:1   | 8247 ||| Stepping randomly (stuck).
  8248 | Lair:1   | 8248 ||| Stepping randomly (stuck).
  8249 | Lair:1   | 8249 ||| Stepping randomly (stuck).
  8250 | Lair:1   | 8250 ||| Stepping randomly (stuck).
  8251 | Lair:1   | 8251 ||| Stepping randomly (stuck).
  8252 | Lair:1   | 8252 ||| Stepping randomly (stuck).
  8253 | Lair:1   | 8253 ||| Stepping randomly (stuck).
  8254 | Lair:1   | 8254 ||| Stepping randomly (stuck).
  8255 | Lair:1   | 8255 ||| Stepping randomly (stuck).
  8256 | Lair:1   | 8256 ||| Stepping randomly (stuck).
  8257 | Lair:1   | 8257 ||| Stepping randomly (stuck).
  8258 | Lair:1   | 8258 ||| Stepping randomly (stuck).
  8259 | Lair:1   | 8259 ||| Stepping randomly (stuck).
  8260 | Lair:1   | 8260 ||| Stepping randomly (stuck).
  8261 | Lair:1   | 8261 ||| Stepping randomly (stuck).
  8262 | Lair:1   | 8262 ||| Stepping randomly (stuck).
  8263 | Lair:1   | 8263 ||| Stepping randomly (stuck).
  8264 | Lair:1   | 8264 ||| Stepping randomly (stuck).
  8265 | Lair:1   | 8265 ||| Stepping randomly (stuck).
  8266 | Lair:1   | 8266 ||| Stepping randomly (stuck).
  8267 | Lair:1   | 8267 ||| Stepping randomly (stuck).
  8268 | Lair:1   | Quit the game

Levels and vault maps discovered:
D:1:      roderic_chinese_lattice_arrival, layout_rooms,
          hellmonk_ecumenical_altar_pennies_from_heaven
D:2:      layout_basic, kennysheep_generic_room_13
D:3:      layout_loops_ring, st_stairs_9, minmay_ogre_servants
D:4:      layout_basic, yredelemnul_forgotten_temple_becter, uniq_duvessa
D:5:      layout_basic, old_standard_altar, mainiacjoe_overflow_catwalk,
          minmay_temple_entry_mini_moons, uniq_crazy_yiuf_cottage
D:6:      layout_rooms
D:7:      layout_loops_ring, lemuel_tele_altar
D:8:      layout_layer_cave, amcnicky_altar_gilded,
          nicolae_tso_swordbearing_angel, lair_entry_dummy, serial_demonic,
          serial_demonic_b, serial_demonic_g, serial_demonic_e, serial_demonic_d
Lair:1:   layout_roguey, serial_bayou_shore_a, grunt_megastairs_2
Lair:2:   layout_regular_city, hellmonk_spider_entry_not_the_bees,
          serial_bayou_lake_a

Skill      XL: |  1  2  3  4  5  6  7  8  9 10 |
---------------+-------------------------------+-----
Unarmed Combat | 4 6 7 9 11 12 14 | 14.0
Throwing       | 2 3 5 |  5.4
Fighting       | 3 5 6 |  6.0
Dodging        | 1 |  1.0
Armour         | 1 |  1.3
Spellcasting   | |  1.0
Fire Magic     | |  2.1

Action                   |  1- 3 |  4- 6 |  7- 9 | 10-12 || total
-------------------------+-------+-------+-------+-------++-------
Melee: Unarmed           |    71 |    84 |   229 |    70 ||   454
       Punch             |     1 |     1 |     3 |     5 ||    10
Throw: Large rock        |       |    26 |    35 |     7 ||    68
Invok: Fiery Armour      |     1 |     2 |     7 |     2 ||    12
  Use: Scroll            |     5 |     5 |     8 |     4 ||    22
       Potion            |     1 |     1 |     6 |       ||     8
Armor: Robe              |    30 |    25 |    83 |     6 ||   144
Dodge: Dodged            |    32 |    27 |   131 |    23 ||   213

Table legend:
 A = Non-vault XP
 B = Vault XP
 C = Vault XP percentage of total XP
 D = Non-vault monster count
 E = Vault monster count
 F = Vault count percentage of total count
                 A         B        C        D         E       F
            +---------+---------+-------+---------+---------+-------
      Total |    9367 |     632 |   6.3 |     160 |      22 |  12.1
            +---------+---------+-------+---------+---------+-------
        D:1 |      19 |       0 |   0.0 |      12 |       0 |   0.0
        D:2 |      84 |       4 |   4.5 |      23 |       1 |   4.2
        D:3 |      63 |     142 |  69.3 |       7 |      11 |  61.1
        D:4 |     378 |     203 |  34.9 |      18 |       3 |  14.3
        D:5 |     517 |       0 |   0.0 |      12 |       0 |   0.0
        D:6 |    1557 |       0 |   0.0 |      20 |       0 |   0.0
        D:7 |     777 |       0 |   0.0 |      19 |       0 |   0.0
        D:8 |    1159 |     130 |  10.1 |      27 |       6 |  18.2
     Lair:1 |    4813 |     153 |   3.1 |      22 |       1 |   4.3
            +---------+---------+-------+---------+---------+-------
